 Dungeon Crawl Stone Soup version 0.31-a0-844-gdc52ec4e09 (webtiles) character file.

Game seed: 15724544608583621976

943618 Kurtz the Octopoid Barricade (level 27, -9/201 HPs)
             Began as an Octopode Fighter on Sept 29, 2023.
             Was the Champion of Kikubaaqudgha.
             Mangled by a golden dragon (30 damage)
             ... on level 3 of the Realm of Zot.
             The game lasted 04:47:12 (101301 turns).

Kurtz the Octopoid Barricade (Octopode Fighter)   Turns: 101301, Time: 04:47:14

Health: -9/201     AC:  8    Str: 21    XL:     27
Magic:  38/52      EV: 37    Int: 14    God:    Kikubaaqudgha [******]
Gold:   6072       SH: 35    Dex: 21    Spells: 18/76 levels left

rFire   + + +        a - +9 broad axe (heavy)
rCold   + + .        j - +8 tower shield
rNeg    + + +        M - -2 hat of the Alchemist {rElec rPois rF+ rC+ rN+ Will+ rMut rCorr}
rPois   +            r - amulet of regeneration
rElec   +            i - +5 ring of evasion
rCorr   +            C - ring of positive energy
SInv    +            o - ring "Dufe" {rPois Will+ Str+4}
Will    ++++.        t - ring "Qili" {rElec rF+++ rCorr Str-2}
Stlth   ++++++++++   F - ring of positive energy
HPRegen 1.33/turn    u - ring of Suspicion {rC+ AC+4 Dex+3 Stlth+}
MPRegen 0.33/turn    I - +4 ring of slaying
                     L - +4 ring of protection

%: resist mutation
@: wereblooded, slowed, constricted, studying 2 skills, very slow
A: almost no armour, amphibious, 8 rings, camouflage 1, gelatinous body 1,
(nimble swimmer 1), tentacles, see invisible, frail 1, mutation resistance 1,
poison resistance, shaggy fur 1, inability to drink after injury 1
}: 4/15 runes: decaying, silver, abyssal, gossamer
a: Renounce Religion, Unearth Wretches, Torment


You were on level 3 of the Realm of Zot.
You worshipped Kikubaaqudgha.
Kikubaaqudgha was exalted by your worship.
You visited 13 branches of the dungeon, and saw 54 of its levels.
You visited the Abyss 139 times.
You also visited: Bailey, Ice Cave and Wizlab.

You collected 10012 gold pieces.
You spent 3940 gold pieces at shops.

Inventory:

Hand Weapons
 a - a +9 heavy broad axe (weapon)
Missiles
 q - 80 poisoned darts
 y - 40 curare-tipped darts
 N - a throwing net
 S - 27 silver javelins (quivered)
Armour
 h - a +3 tower shield of cold resistance
 j - a +8 tower shield (worn)
 l - the +3 crown of Dyrovepreva {rElec Int+2 SInv}
   (Okawaru gifted it to you on level 2 of the Lair of Beasts)

   Int+2:     It affects your intelligence (+2).
   rElec:     It insulates you from electricity.
   SInv:      It lets you see invisible.
 M - the -2 hat of the Alchemist (worn) {rElec rPois rF+ rC+ rN+ Will+ rMut rCorr}
   (You found it in a bailey)

   rF+:       It protects you from fire.
   rC+:       It protects you from cold.
   rElec:     It insulates you from electricity.
   rPois:     It protects you from poison rN+: It protects you from negative
   energy.
   Will+:     It increases your willpower.
   rCorr:     It protects you from acid and corrosion.
   rMut:      It protects you from mutation.
 U - the +5 Storm Queen's Shield {shock, Fly rElec}
   (You acquired it on level 10 of the Dungeon)

   Shock:     When it blocks an attack, it may electrocute the attacker.
   This works even against foes who are a short distance away.
   rElec:     It insulates you from electricity.
   Fly:       It grants you flight.
Jewellery
 i - a +5 ring of evasion (left tentacle)
 k - a +4 ring of protection
 o - the ring "Dufe" (on tentacle) {rPois Will+ Str+4}
   (You found it on level 5 of the Vaults)

   [ring of poison resistance]

   Str+4:     It affects your strength (+4).
   rPois:     It protects you from poison Will+: It increases your willpower.
 r - an amulet of regeneration (around mantle)
 t - the ring "Qili" (on tentacle) {rElec rF+++ rCorr Str-2}
   (You took it off a fire giant on level 3 of the Depths)

   [ring of resist corrosion]

   Str-2:     It affects your strength (-2).
   rF+++:     It renders you almost immune to fire.
   rElec:     It insulates you from electricity.
   rCorr:     It protects you from acid and corrosion.
 u - the ring of Suspicion (on tentacle) {rC+ AC+4 Dex+3 Stlth+}
   (You took it off a deep elf sorcerer on level 3 of the Elven Halls)

   [ring of protection]

   AC+4:      It affects your AC (+4).
   Dex+3:     It affects your dexterity (+3).
   rC+:       It protects you from cold.
   Stlth+:    It makes you more stealthy.
 C - a ring of positive energy (right tentacle)
 F - a ring of positive energy (on tentacle)
 I - a +4 ring of slaying (on tentacle)
 K - a ring of protection from cold
 L - a +4 ring of protection (on tentacle)
 Y - a ring of willpower
 Z - an amulet of reflection
Wands
 z - a wand of mindburst (13)
 A - a wand of roots (32)
 P - a wand of quicksilver (15)
 V - a wand of digging (27)
Scrolls
 d - 22 scrolls of teleportation
 p - 2 scrolls of silence
 v - 10 scrolls of poison
 D - 2 scrolls of butterflies
 H - 7 scrolls of fear
 J - a scroll of brand weapon
 Q - 6 scrolls of revelation
 R - 3 scrolls of fog
Potions
 c - 2 potions of might
 e - 7 potions of ambrosia
 f - 2 potions of lignification
 g - a potion of heal wounds
 m - 23 potions of curing
 n - 6 potions of haste
 s - 3 potions of berserk rage
 w - 7 potions of magic
 B - 7 potions of brilliance
 E - 6 potions of resistance
 G - 13 potions of enlightenment
 O - 3 potions of mutation
 W - 7 potions of invisibility
Miscellaneous
 b - a phial of floods
 T - a condenser vane
 X - a lightning rod (4/4)


   Skills:
 O Level 27 Fighting
 - Level 18.0 Axes
 O Level 27 Dodging
 + Level 19.7 Stealth
 O Level 27 Shields
 - Level 25.0 Spellcasting
 * Level 15.9 Necromancy
 - Level 8.3 Translocations
 * Level 15.1 Transmutations
 * Level 22.9 Fire Magic
 - Level 5.4 Ice Magic
 - Level 5.4 Poison Magic
 - Level 12.1 Invocations
 - Level 0.2 Evocations


You had 18 spell levels left.
You knew the following spells:

 Your Spells              Type           Power      Damage    Failure   Level
a - Wereblood             Tmut           56%        N/A       0%          2
b - Ignite Poison         Fire/Tmut/Pois 55%        N/A       1%          3
c - Passage of Golubria   Tloc           40%        N/A       1%          4
d - Ignition              Fire           34%        3d11      1%          8
e - Ozocubu's Armour      Ice            32%        N/A       1%          3
f - Olgreb's Toxic Radia  Pois           32%        N/A       2%          4
g - Polar Vortex          Ice            16%        12d2*     100%        9
h - Borgnjor's Revivific  Necr           29%        N/A       22%         8
i - Infestation           Necr           29%        N/A       22%         8
j - Death's Door          Necr           29%        N/A       97%         9

Your spell library contained the following spells:

 Spells                   Type           Power      Damage    Failure   Level
 Necrotise                Necr           100%       1d9       0%          1
 Scorch                   Fire           100%       2d9       0%          2
 Sublimation of Blood     Necr           58%        N/A       0%          2
 Vampiric Draining        Necr           58%        2d10      0%          3
 Volatile Blastmotes      Fire/Tloc      100%       2d18      0%          3
 Apportation              Tloc           80%        N/A       1%          1
 Kiss of Death            Conj/Necr      100%       2d13      1%          1
 Sting                    Tmut/Pois      100%       1d8       1%          1
 Blink                    Tloc           80%        N/A       1%          2
 Cigotuvi's Dreadful Rot  Necr/Pois/Air  74%        N/A       1%          2
 Ensorcelled Hibernation  Hex/Ice        50%        N/A       1%          2
 Passwall                 Tmut/Erth      31%        N/A       1%          2
 Poisonous Vapours        Pois/Air       50%        N/A       1%          2
 Frozen Ramparts          Ice            64%        1d10      1%          3
 Gell's Gravitas          Tloc           40%        N/A       1%          3
 Teleport Other           Tloc           40%        N/A       1%          3
 Anguish                  Hex/Necr       19%        N/A       1%          4
 Animate Dead             Necr           58%        N/A       1%          4
 Dispel Undead            Necr           58%        3d21      1%          4
 Flame Wave               Conj/Fire      49%        2d12      1%          4
 Manifold Assault         Tloc           40%        N/A       1%          4
 Petrify                  Tmut/Erth      38%        N/A       1%          4
 Sticky Flame             Conj/Fire      49%        2d7       1%          4
 Agony                    Necr           58%        N/A       1%          5
 Alistair's Intoxication  Tmut/Pois      30%        N/A       1%          5
 Fireball                 Conj/Fire      24%        3d11      1%          5
 Death Channel            Necr           29%        N/A       1%          6
 Magic Dart               Conj           68%        1d6       2%          1
 Sandblast                Erth           34%        2d9       2%          1
 Shock                    Conj/Air       68%        1d7       2%          1
 Slow                     Hex            68%        N/A       2%          1
 Summon Small Mammal      Summ           68%        N/A       2%          1
 Hailstorm                Conj/Ice       25%        3d7       2%          3
 Borgnjor's Vile Clutch   Necr/Erth      19%        N/A       2%          5
 Irradiate                Conj/Tmut      19%        3d18      2%          5
 Yara's Violent Unravell  Hex/Tmut       19%        3d9       2%          5
 Call Imp                 Summ           34%        N/A       3%          2
 Jinxbite                 Hex            34%        N/A       3%          2
 Searing Ray              Conj           34%        2d5       3%          2
 Static Discharge         Conj/Air       34%        2-4/arc   3%          2
 Mephitic Cloud           Conj/Pois/Air  22%        N/A       3%          3
 Dimensional Bullseye     Hex/Tloc       14%        N/A       4%          4
 Iskenderun's Mystic Bla  Conj/Tloc      29%        2d7       4%          4
 Eringya's Noxious Bog    Tmut/Pois      23%        4d6       4%          6
 Simulacrum               Ice/Necr       23%        N/A       4%          6
 Call Canine Familiar     Summ           17%        N/A       7%          3
 Confusing Touch          Hex            17%        N/A       7%          3
 Dazzling Flash           Conj/Hex       34%        N/A       7%          3
 Sigil of Binding         Hex            17%        N/A       7%          3
 Stone Arrow              Conj/Erth      34%        3d9       7%          3
 Summon Guardian Golem    Hex/Summ       17%        N/A       7%          3
 Swiftness                Air            17%        N/A       7%          3
 Tukima's Dance           Hex            17%        N/A       7%          3
 Summon Ice Beast         Ice/Summ       25%        N/A       8%          4
 Dispersal                Tloc           20%        N/A       12%         6
 Metabolic Englaciation   Hex/Ice        12%        N/A       21%         5
 Airstrike                Air            8%         2d(2-18)  22%         4
 Brom's Barrelling Bould  Conj/Erth      17%        2d4       22%         4
 Cause Fear               Hex            8%         N/A       22%         4
 Fulminant Prism          Conj/Hex       8%         3d7       22%         4
 Leda's Liquefaction      Hex/Erth       8%         N/A       22%         4
 Summon Lightning Spire   Summ/Air       17%        N/A       22%         4
 Freezing Cloud           Conj/Ice/Air   11%        6-21      30%         5
 Lee's Rapid Deconstruct  Erth           8%         3d7*      52%         5
 Silence                  Hex/Air        8%         N/A       52%         5
 Haunt                    Necr/Summ      19%        N/A       56%         7
 Bombard                  Conj/Erth      8%         9d2       98%         6
 Summon Cactus Giant      Summ           8%         N/A       98%         6
 Disjunction              Tloc           20%        N/A       99%         8
 Enfeeble                 Hex            8%         N/A       100%        7
 Orb of Destruction       Conj           8%         9d6       100%        7
 Spellforged Servitor     Conj/Summ      8%         N/A       100%        7
 Summon Hydra             Summ           8%         N/A       100%        7
 Discord                  Hex            8%         N/A       100%        8
 Lehudib's Crystal Spear  Conj/Erth      8%         10d4      100%        8
 Summon Horrible Things   Summ           8%         N/A       100%        8
 Dragon's Call            Summ           8%         N/A       100%        9
 Animate Armour           Summ/Erth      Unusable   N/A       N/A         4

Dungeon Overview and Level Annotations

Branches:
Dungeon (15/15)            Temple (1/1) D:6            Lair (4/5) D:10
  Swamp (4/4) Lair:2       Spider (4/4) Lair:3        Slime (5/5) Lair:4
    Orc (2/2) D:10            Elf (3/3) Orc:2        Vaults (5/5) D:13
  Crypt (3/3) Vaults:2       Tomb (1/3) Crypt:3      Depths (4/4) D:15
    Zot (3/5) Depths:4     Bailey (visited)           IceCv (visited)
 WizLab (visited)

Altars:
Ashenzari
Cheibriados
Dithmenos
Elyvilon
Fedhas
Gozag
Hepliaklqana
Kikubaaqudgha
Makhleb
Nemelex Xobeh
Okawaru
Qazlal
Ru
Sif Muna
Trog
Uskayaw
Vehumet
Wu Jian
Xom
Yredelemnul
Zin
The Shining One
Jiyva

Shops:
D:2 ::   D:4 =((*?   Orc:1 *   Orc:2 [=(*   Elf:1 ?   Vaults:2 *   Vaults:3 (
Vaults:4 (

Portals:
Hell: Depths:1 Depths:2 Depths:3 Depths:4
Abyss: Depths:1 Depths:3 Depths:4
Pandemonium: Depths:2 Depths:4
Ziggurat: Depths:1

Annotations:
D:6 exclusion: downstairs


Innate Abilities, Weirdness & Mutations

You cannot wear most types of armour.
You are amphibious.
You can wear up to eight rings at the same time.
Your skin changes colour to match your surroundings (Stealth+).
Your rubbery body absorbs attacks. (AC +1, EV +1)
((You are camouflaged when in or above water. (Stealth+)))
You have tentacles for arms and can constrict up to eight enemies at once.
You have supernaturally acute eyesight. (SInv)
You are frail. (-10% HP)
You are somewhat resistant to further mutation.
Your system is resistant to poisons. (rPois)
You are covered in fur. (AC +1)
You occasionally lose the ability to drink potions when taking damage.


Message History

The tentacled monstrosity constricts you.
* * * LOW HITPOINT WARNING * * *
The golden dragon bites you!
* * * LOW HITPOINT WARNING * * *
The golden dragon claws you!
* * * LOW HITPOINT WARNING * * *
You block the golden dragon's attack. The stone giant hits you.
* * * LOW HITPOINT WARNING * * *
The glowing orange brain pulsates.
You resist with almost no effort.
Unknown command.
Unknown command.
Okay, then.
Okay, then.
Okay, then.
You feel much better.
You block the quicksilver dragon's attack.
The quicksilver dragon closely misses you.
The Killer Klown honks.
You block the quicksilver dragon's attack.
The quicksilver dragon claws you.
* * * LOW HITPOINT WARNING * * *
You block the fire dragon's attack. The fire dragon completely misses you.
The fire dragon misses you. The lich completely misses you.
You block the golden dragon's attack.
The golden dragon claws you but does no damage.
The golden dragon completely misses you.
The stone giant closely misses you.
The tentacled monstrosity completely misses you.
The tentacled monstrosity tentacle-slaps you but does no damage.
The tentacled monstrosity completely misses you.
The tentacled monstrosity constricts you.
* * * LOW HITPOINT WARNING * * *
The golden dragon misses you.
The golden dragon completely misses you. x2
The Killer Klown blinks!
The quicksilver dragon completely misses you. x2
The golden dragon bites you!!
You die...
Kikubaaqudgha rasps: "You have failed me!
Welcome... death!" :/ )$ . ##. .## . ..
D$[

?$. .. ... .$
$) ... #^..
#.#p# ..D#
#...#ze.#...#
#...DDL...#
#§pX@DC.#
$$)G.§D#C9...$$
.##.)<# #y.†##.
$$.... .)..$$
$.##X .##.$ .
.. .D . .. ..
... y..


You could see 2 Killer Klowns, 2 tentacled monstrosities, 2 golden dragons, 2
storm dragons, a fire giant (empowered), a death cob, 2 fire dragons, a
quicksilver dragon, a stone giant, a lich (invisible), a ghost moth (invisible,
fleeing), a glowing orange brain, a war gargoyle, a moth of wrath and a deep elf
high priest (brilliance aura).

Vanquished Creatures
  Dissolution (Slime:3)
  5 dread liches
  Mara (Vaults:5)
  9 ancient liches
  A juggernaut (Depths:3)
  Mennas (Depths:4)
  The ghost of Uroast the Impregnable, a veteran MiGl of Hepliaklqana (Crypt:2)
  Boris (Depths:3)
  2 Killer Klowns (Zot:1)
  Bai Suzhen (Vaults:4)
  A Head Instructor (WizLab)
  the Lernaean hydra (Swamp:4)
  A curse toe (Zot:1)
  4 caustic shrikes
  The ghost of Katt the Executioner, an adept MiFi of the Shining One (Crypt:2)
  7 golden dragons
  Nikola (Swamp:4)
  6 profane servitors
  Norris (Depths:3)
  A pearl dragon (Abyss:4)
  35 bone dragons
  7 hellephants
  17 tentacled monstrosities
  15 quicksilver dragons
  5 Hell Sentinels
  A walking earthen tome (Abyss:5)
  29 liches
  A walking frostbound tome (Abyss:5)
  7 deep elf master archers
  10 deep elf blademasters
  14 titans
  11 Executioners
  3 walking divine tomes
  117 tentacled starspawn
  Gastronok (D:9)
  23 acid blobs
  7 sphinxes
  3 ancient champions
  Kirke (D:13)
  2 thorn hunters (Abyss:3)
  11 draconian monks
  8 death cobs
  10 shadow dragons
  10 tengu reavers
  11 storm dragons
  9 rockslimes
  Donald (Swamp:4)
  16 fire giants
  10 azure jellies
  7 draconian knights
  A fenstrider witch (Swamp:3)
  5 revenants
  6 daevas
  A shard shrike simulacrum (Abyss:4)
  20 frost giants
  11 emperor scorpions
  13 vault wardens
  9 deep elf sorcerers
  6 angels
  2 iron dragons
  An iron dragon (shapeshifter) (Elf:3)
  6 deep elf elementalists
  16 cacodemons
  9 balrugs
  A juggernaut zombie (Abyss:3)
  7 draconian scorchers
  5 ghouls
  6 draconian shifters
  10 ghost moths
  2 demonspawn corrupters
  9 draconian annihilators
  21 ironbound preservers
  9 draconian stormcallers
  5 reapers
  5 war gargoyles
  A broodmother (Spider:2)
  3 orc warlords
  3 caustic shrike zombies
  2 juggernaut skeletons (Abyss:5)
  2 ophanim
  A demonspawn blood saint (Abyss:5)
  2 spriggan defenders (Depths:2)
  6 quicksilver oozes
  60 very ugly things
  4 caustic shrike skeletons
  5 starflowers
  6 formless jellyfish
  11 vampire knights
  7 ironbound thunderhulks
  16 stone giants
  9 red draconians
  11 deep elf demonologists
  7 lorocyprocas
  14 black draconians
  11 green draconians
  7 deep elf annihilators
  11 dire elephants
  10 yellow draconians
  2 eleionomae
  6 spark wasps
  A spark wasp (shapeshifter) (Depths:3)
  23 purple draconians
  11 white draconians
  12 deep elf death magi
  A dire elephant (shapeshifter) (Vaults:5)
  10 bunyips
  6 crystal guardians
  5 eidola
  2 quicksilver dragon zombies (Abyss:5)
  5 blizzard demons
  3 green deaths
  9 fire dragons
  A mummy priest (Tomb:1)
  Josephine (Orc:2)
  14 ettins
  7 deep elf high priests
  An entropy weaver (shapeshifter) (D:13)
  16 entropy weavers
  2 shambling mangroves
  14 yaktaur captains
  38 vault guards
  3 spriggan zombies
  15 ice dragons
  17 great orbs of eyes
  A caustic shrike simulacrum (Abyss:5)
  16 hydras
  24 rakshasas
  A jorogumo (Spider:3)
  2 radroaches (Spider:4)
  5 alligators
  15 centaur warriors
  A catoblepas (D:11)
  15 ironbound frosthearts
  2 spriggan skeletons (Crypt:3)
  2 two-headed ogres
  3 ghost crabs
  3 ogre magi
  2 death knights
  6 spriggan air magi
  3 deep troll shamans (Depths:3)
  4 vampire magi
  An Orb Guardian skeleton (Crypt:2)
  39 dancing weapons
  2 titan zombies (Abyss:4)
  36 hell hogs
  3 naga warriors
  4 deep troll earth magi
  An orc high priest (Orc:2)
  A death scarab (Spider:4)
  21 tengu warriors
  6 boulder beetles
  13 death yaks
  10 demonic crawlers
  200 thrashing horrors
  Sonja (D:13)
  7 spriggan berserkers (Depths:2)
  A storm dragon zombie (Crypt:1)
  41 hell knights
  5 soul eaters
  28 sun demons
  5 fire crabs (Lair:4)
  2 skysharks (Depths:3)
  3 salamander mystics
  33 deep elf knights
  14 shadow wraiths
  37 sixfirhies
  3 sun moths
  8 pharaoh ants
  A goliath frog (shapeshifter) (Vaults:5)
  Lodul (D:13)
  9 goliath frogs
  97 wretched stars
  8 iron trolls
  2 quicksilver dragon simulacra (Depths:2)
  2 bunyip zombies
  2 spriggan druids
  10 flayed ghosts
  A golden dragon zombie (Crypt:3)
  15 spatial maelstroms
  6 shadow demons
  35 skeletal warriors
  A death drake (Abyss:5)
  A death drake (shapeshifter) (Abyss:5)
  A sea snake (shapeshifter) (Depths:3)
  A spriggan simulacrum (Abyss:4)
  15 orb spiders
  23 deep elf archers
  13 glowing orange brains
  A lindwurm (Vaults:1)
  11 swamp dragons
  9 harpies
  2 orange crystal statues
  An iron giant skeleton (Abyss:5)
  14 bog bodies
  2 anaconda skeletons
  22 ironbound convokers
  30 deep elf zephyrmancers
  34 deep elf pyromancers
  11 wizards
  10 steelbarb worms
  61 deep trolls
  A golden dragon skeleton (Abyss:5)
  22 necromancers
  A shadow dragon zombie (Crypt:2)
  2 mana vipers (shapeshifter)
  13 orc knights
  13 phantasmal warriors
  A tengu zombie (Vaults:3)
  A harpy (shapeshifter) (Abyss:3)
  5 cyclopes
  6 salamanders
  14 wolf spiders
  62 ugly things
  7 mana vipers
  8 orc sorcerers
  31 worldbinders
  A human zombie (Vaults:3)
  7 shining eyes
  14 will-o-the-wisps
  A manticore (D:15)
  An elephant (shapeshifter) (Vaults:3)
  13 elephants
  A toenail golem (Abyss:6)
  3 centaur zombies
  15 moths of wrath
  Joseph (D:7)
  A black mamba (shapeshifter) (D:10)
  6 guardian serpents
  26 apocalypse crabs
  2 eyes of devastation
  5 rust devils
  3 black mambas
  An ice statue (Depths:2)
  97 smoke demons
  2 water nymphs (Abyss:3)
  18 vault sentinels
  6 naga magi
  A dire elephant zombie (Abyss:1)
  25 orange demons
  A cane toad (shapeshifter) (Abyss:4)
  An elephant slug zombie (Crypt:2)
  2 centaur skeletons
  2 gargoyles (D:10)
  6 torpor snails
  4 hellions
  15 unseen horrors
  A titan simulacrum (Abyss:5)
  3 dire elephant skeletons (Crypt:3)
  A yaktaur (shapeshifter) (Abyss:3)
  Maggie (D:7)
  A naga skeleton (Abyss:5)
  11 cane toads
  3 kobold demonologists
  6 komodo dragons
  28 yaktaurs
  Jeremiah (D:9)
  17 efreet
  9 rime drakes
  8 tormentors
  14 freezing wraiths
  5 guardian mummies
  2 komodo dragons (shapeshifter)
  A golden dragon simulacrum (Abyss:4)
  101 ancient zymes
  7 ice devils
  A death yak skeleton (Crypt:2)
  A merfolk (shapeshifter) (Zot:3)
  A tengu conjurer (D:14)
  6 trolls
  A meliai (shapeshifter) (D:15)
  3 harpy zombies
  22 hellwings
  A sea snake skeleton (Crypt:2)
  A bloated husk (Swamp:1)
  9 meliai
  3 harpy skeletons
  A troll (shapeshifter) (Abyss:2)
  29 tarantellas
  2 wind drakes (Abyss:3)
  17 hornets
  11 polar bears (IceCv)
  A dream sheep (shapeshifter) (Depths:4)
  14 tyrant leeches
  2 stone giant simulacra
  42 blink frogs
  3 hydra skeletons
  A snapping turtle (shapeshifter) (Depths:4)
  An ettin zombie (Abyss:5)
  A fire dragon zombie (Crypt:3)
  7 dream sheep (Lair:3)
  104 slime creatures
  248 raiju
  A black mamba zombie (Abyss:2)
  25 jumping spiders
  2 air elementals
  2 centaur simulacra
  Sigmund (D:2)
  3 vampires
  102 flying skulls
  An ettin skeleton (Crypt:3)
  54 ynoxinuls
  6 shadows
  15 culicivoras
  15 wraiths
  10 spriggans
  A yak (shapeshifter) (Abyss:3)
  5 water elementals
  2 dire elephant simulacra
  8 humans (D:13)
  62 yaks
  6 wyverns
  3 basilisks
  5 hogs (D:13)
  A hog (shapeshifter) (Abyss:3)
  18 fire bats
  61 golden eyes
  320 large abominations
  A black mamba skeleton (Tomb:1)
  81 neqoxecs
  4 fire elementals
  15 vampire mosquitoes
  A redback (shapeshifter) (Abyss:5)
  52 redbacks
  51 chaos spawn
  5 wargs
  Menkaure (D:7)
  22 spatial vortices
  2 swamp worms (shapeshifter)
  6 nagas (Abyss:5)
  A harpy simulacrum (Abyss:4)
  20 swamp worms
  A glowing shapeshifter zombie (Vaults:3)
  2 floating eyes (Abyss:3)
  18 water moccasins
  A hornet zombie (D:15)
  31 orc warriors
  15 hell hounds
  3 sky beasts
  3 black bears
  3 ice beasts
  10 swamp drakes
  16 ogres
  A swamp dragon zombie (Tomb:1)
  12 wolves
  2 ettin simulacra (Depths:2)
  A blink frog skeleton (Crypt:1)
  6 boggarts
  22 centaurs
  2 phantoms
  571 starcursed masses
  A salamander zombie (Crypt:2)
  10 kobold brigands
  16 bullfrogs
  4 elf zombies (Elf:1)
  166 small abominations
  10 earth elementals
  8 necrophages
  8 scorpions
  6 wights
  2 gnoll sergeants
  A water moccasin skeleton (Crypt:1)
  A polar bear zombie (Crypt:2)
  5 killer bees (D:9)
  A raiju zombie (Crypt:1)
  7 electric eels
  2 howler monkeys
  A shapeshifter skeleton (Crypt:2)
  4 vampire bats
  2 crimson imps
  A bullfrog zombie (Crypt:1)
  9 iron imps
  14 quasits
  3 gnoll boudas
  16 orc priests
  5 hounds
  9 jellies
  A sleepcap (D:6)
  3 iguanas
  26 orc wizards
  5 hell rats (Lair:3)
  2 naga zombies
  2 mummies (Tomb:1)
  A boggart simulacrum (D:15)
  22 gnolls
  7 adders
  4 shadow imps
  14 white imps
  20 ufetubi
  3 worms
  A dart slug (D:3)
  64 orcs
  3 bat skeletons (D:6)
  3 bat zombies (D:6)
  10 endoplasms
  8 giant cockroaches
  8 goblins
  13 hobgoblins
  8 jackals (D:4)
  5 quokkas
  9 ball pythons
  10 bats
  3 frilled lizards
  18 kobolds
  4 rats
  5 butterflies (Abyss:3)
  16 lurking horrors
  120 starspawn tentacles
5813 creatures vanquished.

Vanquished Creatures (collateral kills)
  A storm dragon (Zot:2)
  3 draconian scorchers (Zot:2)
  A draconian shifter (Zot:2)
  A draconian stormcaller (Zot:2)
  A draconian annihilator (Zot:2)
  A black draconian (Zot:2)
  A green draconian (Zot:2)
  2 red draconians (Zot:2)
  A fire dragon (Zot:2)
  An ice dragon (Zot:2)
13 creatures vanquished.

Vanquished Creatures (others)
  Asterion (Vaults:1)
  A sphinx (Abyss:1)
  2 draconian scorchers (Zot:1)
  A draconian knight (Zot:1)
  A vault warden (Abyss:3)
  A purple draconian (Zot:1)
  A demonspawn black sun (Abyss:5)
  A lorocyproca (Abyss:1)
  An ettin (Abyss:1)
  A fire dragon (Abyss:5)
  2 thrashing horrors
  A spriggan berserker (Abyss:1)
  A tengu warrior (Abyss:3)
  4 deep elf knights
  A shadow wraith (Depths:2)
  A goliath frog (Swamp:4)
  A will-o-the-wisp (Swamp:3)
  A dire elephant skeleton (Abyss:4)
  A bloated husk (Swamp:1)
  A polar bear (IceCv)
  A hornet (shapeshifter) (Abyss:4)
  3 raiju (Abyss:5)
  A flying skull (Abyss:3)
  A spriggan (Depths:2)
  A ynoxinul (Abyss:5)
  2 large abominations
  A human (D:13)
  A golden eye (Abyss:2)
  A redback (Spider:3)
  A hell hound (Abyss:4)
  5 small abominations
  An ufetubus (Abyss:3)
  A butterfly (Abyss:3)
  77 foxfires
  14 lurking horrors
  182 starspawn tentacles
318 creatures vanquished.

Grand Total: 6144 creatures vanquished

Notes
Turn   | Place    | Note
-------+----------+-------------------------------------------
     0 | D:1      | Kurtz the Octopode Fighter began the quest for the Orb.
     0 | D:1      | Reached XP level 1. HP: 16/16 MP: 1/1
   191 | D:1      | Reached XP level 2. HP: 21/21 MP: 2/2
   739 | D:2      | Noticed a walking earthen tome
   740 | D:2      | Found Uviulat's Book Shop.
   742 | D:2      | Noticed a walking earthen tome
   757 | D:2      | Reached XP level 3. HP: 20/26 MP: 3/3
   928 | D:2      | Noticed Sigmund
   936 | D:2      | Killed Sigmund
   937 | D:2      | Reached skill level 5 in Axes
   937 | D:2      | Reached XP level 4. HP: 17/31 MP: 4/4
   937 | D:2      | Reached XP level 5. HP: 20/36 MP: 5/5
  1025 | D:2      | Found Feda's Distillery.
  1055 | D:2      | Found Boleptue's Book Shoppe.
  1716 | D:3      | Found a faded altar of an unknown god.
  1815 | D:3      | Reached XP level 6. HP: 23/42 MP: 6/6
  1935 | D:3      | Found a snail-covered altar of Cheibriados.
  2000 | D:3      | Found a radiant altar of Vehumet.
  2002 | D:3      | Found a stormy altar of Qazlal.
  2333 | D:4      | Found a broken altar of Ashenzari.
  2357 | D:4      | Noticed an orc warrior
  2365 | D:4      | Killed an orc warrior
  2366 | D:4      | Reached XP level 7. HP: 20/46 MP: 7/7
  2607 | D:4      | Found Oshuabb's Jewellery Emporium.
  2696 | D:4      | Identified the +10 whip "Ypyowoumm" {holy, MP+9 Str+4 Int-5
                  | Dex+4}
  2753 | D:4      | Found Bues's Antique Weapon Shop.
  2781 | D:4      | Found Zidez's Assorted Antiques.
  3035 | D:4      | Found Wiaroeg's Weapon Shoppe.
  3043 | D:4      | Bought 5 curare-tipped darts for 78 gold pieces
  3195 | D:4      | Found Ruusif's Magic Scroll Boutique.
  3203 | D:4      | Bought a scroll of identify for 20 gold pieces
  3336 | D:5      | Entered Level 5 of the Dungeon
  3673 | D:5      | Found a glowing golden altar of the Shining One.
  3875 | D:5      | Reached XP level 8. HP: 21/52 MP: 8/8
  4626 | D:5      | Reached skill level 10 in Axes
  4787 | D:6      | Found a staircase to the Ecumenical Temple.
  4802 | Temple   | Entered the Ecumenical Temple
  4832 | Temple   | Became a worshipper of Warmaster Okawaru
  4968 | D:6      | Reached skill level 1 in Invocations
  5111 | D:6      | Reached XP level 9. HP: 56/56 MP: 9/9
  5327 | D:6      | Reached * piety under Okawaru
  5886 | D:6      | Found an ancient bone altar of Kikubaaqudgha.
  6077 | D:7      | Found a sacrificial altar of Ru.
  6093 | D:7      | Noticed Joseph
  6117 | D:7      | Found a flagged portal.
  6146 | Bailey   | Entered a bailey
  6440 | Bailey   | Noticed an orc knight
  6773 | Bailey   | Killed an orc knight
  6773 | Bailey   | Reached ** piety under Okawaru
  6922 | Bailey   | Found the -2 hat of the Alchemist {rElec rPois rF+ rC+ rN+
                  | Will+ rMut rCorr}
  6944 | Bailey   | Reached XP level 10. HP: 44/63 MP: 12/12
  7048 | Bailey   | Found an iron altar of Okawaru.
  7048 | Bailey   | Noticed a kobold demonologist
  7048 | Bailey   | Noticed a kobold demonologist
  7395 | Bailey   | Killed a kobold demonologist
  7568 | Bailey   | Killed a kobold demonologist
  7601 | Bailey   | Identified the +7 war axe "Tofycs" {elec, rN+ Int-2 Dex+3}
  7759 | Bailey   | Noticed an orc knight
  7774 | Bailey   | Reached *** piety under Okawaru
  7781 | Bailey   | Killed an orc knight
  7861 | D:7      | Reached skill level 5 in Dodging
  8081 | D:7      | Noticed Maggie
  8087 | D:7      | Killed Maggie
  8123 | D:7      | Noticed Menkaure
  8128 | D:7      | Killed Menkaure
  8468 | D:7      | Killed Joseph
  8468 | D:7      | Reached **** piety under Okawaru
  8997 | D:8      | Reached XP level 11. HP: 27/67 MP: 11/14
  9647 | D:9      | Reached skill level 15 in Axes
  9755 | D:9      | Noticed Jeremiah
  9785 | D:9      | Killed Jeremiah
  9785 | D:9      | Reached ***** piety under Okawaru
 10029 | D:9      | Noticed Gastronok
 10141 | D:9      | Killed Gastronok
 10142 | D:9      | Reached skill level 5 in Invocations
 10298 | D:9      | Found an opulent altar of Gozag.
 10342 | D:9      | Received a gift from Okawaru
 10841 | D:10     | Entered Level 10 of the Dungeon
 10846 | D:10     | Found a basalt altar of Yredelemnul.
 10854 | D:10     | Found a glowing silver altar of Zin.
 10907 | D:10     | Noticed a two-headed ogre
 11255 | D:10     | Found a staircase to the Orcish Mines.
 11273 | D:10     | Found a staircase to the Lair.
 11337 | D:10     | Found a shimmering altar of Xom.
 11489 | D:10     | Acquired the +5 Storm Queen's Shield {shock, Fly rElec}
 11489 | D:10     | Found the +5 Storm Queen's Shield {shock, Fly rElec}
 11637 | D:10     | Noticed a tengu warrior
 11657 | D:10     | Killed a tengu warrior
 11657 | D:10     | Received a gift from Okawaru
 11658 | D:10     | Reached skill level 5 in Shields
 11658 | D:10     | Reached XP level 12. HP: 73/74 MP: 16/16
 12027 | D:10     | Killed a two-headed ogre
 12272 | D:11     | Noticed a catoblepas
 12445 | D:11     | Identified the +9 whip of Vanity {heavy, rF+ rN+ Str+3
                  | SInv}
 12518 | D:11     | Received a gift from Okawaru
 13140 | D:11     | Killed a catoblepas
 13301 | D:12     | Noticed a boulder beetle
 13308 | D:12     | Killed a boulder beetle
 13309 | D:12     | Reached skill level 10 in Shields
 13378 | D:12     | Noticed a centaur warrior
 13387 | D:12     | Killed a centaur warrior
 14351 | D:12     | Noticed a boulder beetle
 14361 | D:12     | Killed a boulder beetle
 15268 | Lair:1   | Entered Level 1 of the Lair of Beasts
 15286 | Lair:1   | Reached XP level 13. HP: 79/79 MP: 17/17
 15298 | Lair:1   | Received a gift from Okawaru
 16071 | Lair:1   | Received a gift from Okawaru
 16080 | Lair:1   | Found the +8 whip "Snakebite" {venom, curare, rPois}
 16655 | Lair:2   | Reached skill level 5 in Fighting
 16818 | Lair:2   | Reached ****** piety under Okawaru
 16853 | Lair:2   | Acquired a +4 broad axe of venom
 16853 | Lair:2   | Received a gift from Okawaru
 16886 | Lair:2   | Received a gift from Okawaru
 17079 | Lair:2   | Acquired the +3 crown of Dyrovepreva {rElec Int+2 SInv}
 17079 | Lair:2   | Received a gift from Okawaru
 17079 | Lair:2   | Found the +3 crown of Dyrovepreva {rElec Int+2 SInv}
 17254 | Lair:2   | Found a staircase to the Swamp.
 17261 | Lair:2   | Reached XP level 14. HP: 87/90 MP: 17/19
 17817 | Lair:3   | Found a hole to the Spider Nest.
 18082 | Lair:3   | Received a gift from Okawaru
 19121 | Lair:4   | Received a gift from Okawaru
 19251 | Lair:4   | Identified the +7 morningstar "Cukaek" {flame, rF+ Will++
                  | Str+4}
 19319 | Lair:4   | Found a viscous altar of Jiyva.
 19320 | Lair:4   | Found a staircase to the Slime Pits.
 19605 | Lair:4   | Found a runed translucent door.
 19640 | Lair:4   | HP: 2/90 [death yak (30)]
 19931 | Lair:4   | Received a gift from Okawaru
 19932 | Lair:4   | Reached skill level 15 in Shields
 20435 | Lair:4   | Reached XP level 15. HP: 77/94 MP: 20/20
 20500 | Lair:4   | HP: 2/94 [entropy weaver (10)]
 20553 | Lair:4   | Received a gift from Okawaru
 20905 | Orc:1    | Entered Level 1 of the Orcish Mines
 20940 | Orc:1    | Found Ihoczeff's Specific Store.
 20946 | Orc:1    | Found Sisiuk's General Store.
 20951 | Orc:1    | Bought a scroll of teleportation for 45 gold pieces
 20956 | Orc:1    | Bought a potion of heal wounds for 75 gold pieces
 20956 | Orc:1    | Bought 2 potions of enlightenment for 150 gold pieces
 21196 | Orc:2    | Entered Level 2 of the Orcish Mines
 21200 | Orc:2    | Found a staircase to the Elven Halls.
 21560 | Orc:2    | Noticed an orc warlord
 21687 | Orc:2    | Killed an orc warlord
 21691 | Orc:2    | Found Asaamyum's Antique Weapon Emporium.
 21896 | Orc:2    | Found Efeog's Antique Armour Emporium.
 22069 | Orc:2    | Found Qeiqocli's Jewellery Emporium.
 22084 | Orc:2    | Found Mytsur's General Store.
 22434 | D:2      | Bought a potion of resistance for 110 gold pieces
 22434 | D:2      | Bought a potion of magic for 88 gold pieces
 22434 | D:2      | Bought a potion of curing for 33 gold pieces
 22434 | D:2      | Bought a potion of brilliance for 44 gold pieces
 22434 | D:2      | Bought a potion of haste for 110 gold pieces
 22434 | D:2      | Bought a potion of ambrosia for 88 gold pieces
 22434 | D:2      | Bought a potion of heal wounds for 55 gold pieces
 22459 | D:2      | Bought a book of Blood for 336 gold pieces
 22462 | D:2      | Learned a level 2 spell: Wereblood
 22789 | D:13     | Noticed Sonja
 22824 | D:13     | Killed Sonja
 22860 | D:13     | Reached skill level 1 in Transmutations
 22866 | D:13     | Reached skill level 1 in Spellcasting
 22883 | D:13     | Noticed Lodul
 22892 | D:13     | Found a gate to the Vaults.
 22896 | D:13     | Killed Lodul
 23091 | D:13     | Noticed Kirke
 23103 | D:13     | Noticed a sphinx
 23103 | D:13     | Killed Kirke
 23294 | D:13     | Received a gift from Okawaru
 24292 | D:14     | Reached XP level 16. HP: 92/104 MP: 21/21
 24533 | D:15     | Entered Level 15 of the Dungeon
 24841 | D:15     | Received a gift from Okawaru
 25545 | D:15     | Found a staircase to the Depths.
 25618 | D:15     | Found a broken altar of Ashenzari.
 25934 | Orc:1    | Noticed Josephine
 25940 | Orc:2    | Killed Josephine
 26256 | Orc:1    | Bought a scroll of teleportation for 45 gold pieces
 26256 | Orc:1    | Bought a lightning rod (4/4) for 600 gold pieces
 26340 | Spider:1 | Entered Level 1 of the Spider Nest
 26637 | Spider:1 | HP: 4/108 [entropy weaver (14)]
 27017 | Spider:1 | Identified the +8 great sword of the Sixty-Six Hells
                  | {heavy, Stlth+}
 27051 | Spider:1 | Received a gift from Okawaru
 27081 | Spider:1 | Acquired 754 gold pieces
 27083 | Spider:1 | Acquired a manual of Spellcasting
 27641 | D:4      | Bought a scroll of enchant armour for 75 gold pieces
 27641 | D:4      | Bought a scroll of revelation for 75 gold pieces
 27641 | D:4      | Bought a scroll of identify for 20 gold pieces
 27641 | D:4      | Bought a scroll of identify for 20 gold pieces
 27641 | D:4      | Bought a scroll of identify for 20 gold pieces
 27641 | D:4      | Bought a scroll of teleportation for 30 gold pieces
 27641 | D:4      | Bought a scroll of butterflies for 40 gold pieces
 27675 | D:4      | Bought a scroll labelled TOISYTS GODASS for 25 gold pieces
 27973 | Spider:2 | Found a frozen archway.
 28037 | IceCv    | Entered an ice cave
 28114 | IceCv    | Reached XP level 17. HP: 101/114 MP: 13/23
 28224 | IceCv    | Reached skill level 10 in Fighting
 28363 | IceCv    | Reached skill level 5 in Transmutations
 28532 | IceCv    | Found the +4 skin of Zhor {*Englaciate rC+++ SInv}
 28537 | IceCv    | Reached skill level 5 in Spellcasting
 28567 | IceCv    | Identified the +0 pair of gloves of the Carpenter {rElec
                  | rF+}
 28990 | Spider:2 | You are sucked into a shaft and drop 1 floor!
 30375 | Spider:4 | Entered Level 4 of the Spider Nest
 30616 | Spider:4 | Received a gift from Okawaru
 30637 | Spider:4 | Reached XP level 18. HP: 99/125 MP: 26/28
 31358 | Spider:4 | Reached skill level 10 in Dodging
 31549 | Spider:4 | Received a gift from Okawaru
 32181 | Spider:4 | Received a gift from Okawaru
 32322 | Spider:4 | Got a gossamer rune of Zot
 32557 | Swamp:1  | Entered Level 1 of the Swamp
 33455 | Swamp:1  | Received a gift from Okawaru
 33919 | Swamp:2  | Got a quavering book
 34451 | Swamp:3  | Got a quavering book
 34907 | Swamp:4  | Entered Level 4 of the Swamp
 35136 | Swamp:4  | Reached skill level 1 in Stealth
 35153 | Swamp:4  | Reached XP level 19. HP: 63/135 MP: 31/31
 35316 | Swamp:4  | Received a gift from Okawaru
 35608 | Swamp:4  | Noticed Donald
 35704 | Swamp:4  | Killed Donald
 35765 | Swamp:4  | Identified the +0 robe of Zucyinip {Stlth+ Archmagi}
 35765 | Swamp:4  | Noticed Nikola
 35783 | Swamp:4  | Killed Nikola
 35987 | Swamp:4  | Received a gift from Okawaru
 36085 | Swamp:4  | Noticed the 27-headed Lernaean hydra
 36106 | Swamp:4  | Killed the 24-headed Lernaean hydra
 36191 | Swamp:4  | Got a decaying rune of Zot
 36636 | Vaults:1 | Entered Level 1 of the Vaults
 37263 | Vaults:1 | Received a gift from Okawaru
 37268 | Vaults:1 | Reached skill level 5 in Stealth
 37567 | Vaults:1 | Noticed Asterion
 37587 | Vaults:1 | Killed Asterion
 37885 | Vaults:2 | Found Attepnewn's Assorted Antiques.
 37893 | Vaults:2 | Bought a scroll of fear for 112 gold pieces
 37893 | Vaults:2 | Bought a potion of resistance for 280 gold pieces
 38136 | Vaults:2 | Found a staircase to the Crypt.
 38136 | Vaults:2 | Found a basalt altar of Yredelemnul.
 38136 | Vaults:2 | Found an ancient bone altar of Kikubaaqudgha.
 38184 | Vaults:2 | Reached XP level 20. HP: 144/144 MP: 31/33
 38290 | Vaults:2 | Reached skill level 15 in Fighting
 38381 | Vaults:2 | Received a gift from Okawaru
 39118 | Vaults:3 | Reached skill level 10 in Spellcasting
 39533 | Vaults:3 | Received a gift from Okawaru
 39760 | Vaults:3 | Identified the +2 pair of boots "Ogukkasu" {rPois Str+4}
 39761 | Vaults:3 | Found Joz Fasarch's Weapon Shoppe.
 40354 | Vaults:4 | Received a gift from Okawaru
 40549 | Vaults:4 | Reached XP level 21. HP: 121/154 MP: 32/35
 40974 | Vaults:4 | Received a gift from Okawaru
 41227 | Vaults:4 | Noticed Bai Suzhen
 41235 | Vaults:4 | Learned a level 3 spell: Ignite Poison
 41262 | Vaults:4 | Killed Bai Suzhen
 41314 | Vaults:4 | Found Iliuxt's Antique Weapon Boutique.
 41904 | Vaults:4 | Learned a level 4 spell: Passage of Golubria
 41952 | Vaults:5 | Entered Level 5 of the Vaults
 42350 | Elf:1    | Entered Level 1 of the Elven Halls
 42360 | Elf:1    | Received a gift from Okawaru
 43018 | Elf:1    | Reached skill level 10 in Stealth
 43126 | Elf:1    | Got a shiny book
 43312 | Elf:1    | Found Myxah's Magic Scroll Shop.
 43315 | Elf:1    | Bought a scroll of acquirement for 936 gold pieces
 43315 | Elf:1    | Acquired a manual of Invocations
 44140 | Elf:2    | Found a runed translucent gate.
 44141 | Elf:2    | Found a runed translucent gate.
 44141 | Elf:2    | Found a runed translucent gate.
 44171 | Elf:2    | Received a gift from Okawaru
 44277 | Elf:2    | Reached XP level 22. HP: 158/163 MP: 34/38
 44591 | Elf:2    | Reached skill level 10 in Transmutations
 45407 | Elf:3    | Entered Level 3 of the Elven Halls
 45649 | Elf:3    | Received a gift from Okawaru
 45886 | Elf:3    | Identified the ring of the Harvest {MP+9 Dex+4}
 46265 | Elf:3    | Identified the staff of Arbitration {*Slow rElec rN+ Necro
                  | Air}
 46785 | Elf:3    | Identified the +1 scimitar of Charity {drain, rCorr}
 46812 | Elf:3    | Identified the ring of Suspicion {rC+ AC+4 Dex+3 Stlth+}
 47222 | Elf:3    | Identified the +0 kite shield of Repulsion {rElec rPois
                  | rF++ Int-4}
 47320 | Elf:3    | Received a gift from Okawaru
 47328 | Elf:3    | Reached skill level 15 in Dodging
 47653 | Elf:3    | Identified the +0 plate armour of Yxtodd {rElec rN+ Will+}
 47870 | Elf:3    | Identified the staff "Undertaker" {rElec rPois Will+ MP+9
                  | Air}
 47892 | Elf:3    | Identified the +6 sling "Pashra" {freeze, rPois Str+3}
 47894 | Elf:3    | Identified the +4 plate armour "Jukuxih" {rCorr Int+3}
 48851 | Vaults:4 | Learned a level 8 spell: Ignition
 49661 | Crypt:1  | Entered Level 1 of the Crypt
 49731 | Crypt:1  | Found a magical portal.
 49734 | WizLab   | Entered Yara's Duelist Academy
 50103 | WizLab   | Noticed Rohoanka
 50188 | WizLab   | Reached skill level 1 in Fire Magic
 50485 | WizLab   | Reached XP level 23. HP: 164/172 MP: 40/40
 50592 | WizLab   | Killed Rohoanka the Head Instructor
 50593 | WizLab   | Reached skill level 10 in Invocations
 50832 | WizLab   | Received a gift from Okawaru
 50932 | WizLab   | Got a curious book
 51292 | Crypt:1  | Acquired a manual of Spellcasting
 52282 | Crypt:2  | Found a runed translucent gate.
 52282 | Crypt:2  | Found a runed translucent gate.
 52283 | Crypt:2  | Found a runed translucent gate.
 52283 | Crypt:2  | Found an ancient bone altar of Kikubaaqudgha.
 52291 | Crypt:2  | Noticed a dread lich
 52292 | Crypt:2  | Noticed Katt's ghost (adept MiFi)
 52292 | Crypt:2  | Noticed a dread lich
 52293 | Crypt:2  | Noticed a dread lich
 52293 | Crypt:2  | Noticed Uroast's ghost (veteran MiGl)
 52732 | Crypt:3  | Entered Level 3 of the Crypt
 52992 | Crypt:3  | Received a gift from Okawaru
 53208 | Crypt:3  | Found a staircase to the Tomb.
 53406 | Crypt:3  | Acquired a manual of Invocations
 53633 | Crypt:3  | Found a basalt altar of Yredelemnul.
 53633 | Crypt:3  | Noticed an ancient lich
 53640 | Crypt:3  | Killed an ancient lich
 54421 | Vaults:5 | Noticed a golden dragon
 54562 | Vaults:4 | Reached XP level 24. HP: 167/184 MP: 41/41
 54854 | Vaults:5 | Received a gift from Okawaru
 54998 | Vaults:5 | Identified the ring "Dufe" {rPois Will+ Str+4}
 55217 | Vaults:5 | Noticed Mara
 55229 | Vaults:5 | Killed Mara
 55367 | Vaults:5 | Identified the +3 scale mail of Rotation {rPois Str+3}
 55370 | Vaults:5 | Identified the staff "Ufeff" {rElec Str+3 Air}
 55371 | Vaults:5 | Identified the +4 mace "Wiblemitt" {freeze, Fragile Fly
                  | rCorr Stlth+}
 55372 | Vaults:5 | Identified the +3 orcbow of Ru's Envy {drain, rPois Str+3
                  | Dex+2}
 55974 | Vaults:5 | Received a gift from Okawaru
 56425 | Vaults:5 | Got a faded book
 56439 | Vaults:5 | Got a silver rune of Zot
 56614 | Vaults:5 | Got a curling book
 56657 | Vaults:5 | Identified the +8 rapier of Kamitwe {heavy, Str+3}
 56756 | Vaults:5 | Identified the +0 ring mail of the Sun {Fly Regen+}
 57368 | Depths:1 | Entered Level 1 of the Depths
 57438 | Depths:1 | Found a one-way gate to the infinite horrors of the Abyss.
 57560 | Depths:1 | Found a one-way gateway to a ziggurat.
 57623 | Depths:1 | Found a gateway to Hell.
 57851 | Depths:1 | Reached skill level 1 in Translocations
 58111 | Depths:1 | Identified the +4 scale mail "Donwuch" {*Corrode Fly Regen+
                  | Str+3}
 58335 | Depths:1 | Learned a level 3 spell: Ozocubu's Armour
 58336 | Depths:1 | Got a well-preserved book
 58532 | Depths:2 | Reached skill level 1 in Ice Magic
 58824 | Depths:2 | Received a gift from Okawaru
 59031 | Depths:2 | Reached XP level 25. HP: 195/195 MP: 39/41
 59077 | Depths:2 | Identified the +5 orcbow "Dragon's Undoing" {drain, +Blink
                  | rF+++ Str-5 Int-4}
 59262 | Depths:2 | Found a sparkling altar of Nemelex Xobeh.
 59989 | Depths:2 | Found an iron altar of Okawaru.
 60143 | Depths:2 | Received a gift from Okawaru
 60150 | Depths:2 | Identified the +5 robe of Gonoac {Fly rC+ MP+9 Str+2}
 60254 | Depths:2 | Identified the +2 buckler of Yfot {rN+ rCorr Int-4 Dex+6}
 60275 | Depths:2 | Identified the +4 scale mail of Qopepeha {Will+ Str+3
                  | Int+4}
 60441 | Depths:2 | Found a sacrificial altar of Ru.
 60441 | Depths:2 | Found a one-way gate leading to the halls of Pandemonium.
 60606 | Depths:2 | Reached skill level 1 in Poison Magic
 61006 | Depths:2 | Found an ancient bone altar of Kikubaaqudgha.
 61246 | Depths:3 | Learned a level 4 spell: Olgreb's Toxic Radiance
 61251 | Depths:3 | Noticed Boris
 61257 | Depths:3 | Killed Boris
 61257 | Depths:3 | Received a gift from Okawaru
 61323 | Depths:3 | Noticed Norris
 61349 | Depths:3 | Killed Norris
 61350 | Depths:3 | Reached skill level 5 in Poison Magic
 61875 | Depths:3 | Learned a level 9 spell: Polar Vortex
 62467 | Depths:3 | Noticed a juggernaut
 62471 | Depths:3 | Identified the ring "Qili" {rElec rF+++ rCorr Str-2}
 62478 | Depths:3 | Killed a juggernaut
 62478 | Depths:3 | Received a gift from Okawaru
 62479 | Depths:3 | Reached skill level 15 in Spellcasting
 62509 | Depths:3 | Reached XP level 26. HP: 85/206 MP: 39/42
 62979 | Depths:4 | Entered Level 4 of the Depths
 63193 | Depths:4 | Acquired a book of Scorching
 63217 | Depths:4 | Found a stormy altar of Qazlal.
 63274 | Depths:4 | Noticed Mennas
 63760 | Slime:1  | Entered Level 1 of the Pits of Slime
 63929 | Slime:2  | Paralysed by a formless jellyfish for 1 turns
 64017 | Slime:2  | Paralysed by a formless jellyfish for 1 turns
 64019 | Slime:2  | Reached skill level 5 in Fire Magic
 65050 | Slime:3  | Received a gift from Okawaru
 65797 | Slime:4  | Noticed Dissolution
 66029 | Slime:5  | Entered Level 5 of the Pits of Slime
 66255 | Slime:3  | Killed Dissolution
 68629 | Depths:1 | Got a disorganized book
 68775 | Depths:4 | Reached skill level 5 in Ice Magic
 68776 | Depths:4 | Reached skill level 15 in Stealth
 68904 | Depths:4 | Killed Mennas
 69006 | Depths:4 | Found a gate to the Realm of Zot.
 69577 | Elf:1    | Bought a scroll of teleportation for 54 gold pieces
 69577 | Elf:1    | Bought a scroll of enchant armour for 135 gold pieces
 69577 | Elf:1    | Bought a scroll of teleportation for 54 gold pieces
 69824 | D:4      | Bought a scroll of enchant armour for 187 gold pieces
 70467 | Tomb:1   | Entered Level 1 of the Tomb of the Ancients
 71248 | Vaults:2 | Fell from the grace of Okawaru
 71248 | Vaults:2 | Became a worshipper of Kikubaaqudgha
 71506 | Zot:1    | Entered Level 1 of the Realm of Zot
 71546 | Zot:1    | Reached skill level 5 in Translocations
 71713 | Zot:1    | Reached XP level 27. HP: 164/214 MP: 42/42
 71725 | Depths:4 | Reached skill level 1 in Necromancy
 72187 | Depths:3 | Voluntarily entered the Abyss.
 72228 | Abyss:1  | Found a corrupted altar of Lugonu.
 72369 | Abyss:1  | Reached * piety under Kikubaaqudgha
 72369 | Abyss:1  | Received a gift from Kikubaaqudgha
 72432 | Abyss:1  | Found a shimmering altar of Xom.
 72474 | Abyss:1  | Paralysed by accursed screaming for 1 turns
 72598 | Abyss:1  | Found a corrupted altar of Lugonu.
 72612 | Abyss:1  | Found a corrupted altar of Lugonu.
 72618 | Abyss:1  | Paralysed by accursed screaming for 1 turns
 72622 | Abyss:1  | Reached ** piety under Kikubaaqudgha
 72797 | Depths:3 | Escaped the Abyss
 72914 | Depths:3 | Got a humming book
 72969 | Depths:3 | Voluntarily entered the Abyss.
 73056 | Abyss:1  | Paralysed by accursed screaming for 1 turns
 73113 | Abyss:1  | Found a corrupted altar of Lugonu.
 73185 | Abyss:1  | Found a corrupted altar of Lugonu.
 73225 | Abyss:1  | Found a corrupted altar of Lugonu.
 73234 | Abyss:1  | Reached *** piety under Kikubaaqudgha
 73234 | Abyss:1  | Received a gift from Kikubaaqudgha
 73245 | Abyss:1  | Learned a level 8 spell: Borgnjor's Revivification
 73459 | Abyss:1  | Found a corrupted altar of Lugonu.
 73473 | Abyss:1  | Found a corrupted altar of Lugonu.
 73913 | Abyss:1  | Reached **** piety under Kikubaaqudgha
 73926 | Depths:3 | Escaped the Abyss
 73946 | Depths:3 | Voluntarily entered the Abyss.
 73954 | Abyss:1  | Found a corrupted altar of Lugonu.
 73975 | Abyss:1  | Found an opulent altar of Gozag.
 74412 | Abyss:1  | Found a corrupted altar of Lugonu.
 74479 | Abyss:1  | Reached ***** piety under Kikubaaqudgha
 74485 | Abyss:1  | Gained mutation: Your magical capacity is low. (-10% MP) [a
                  | neqoxec]
 74501 | Depths:3 | Escaped the Abyss
 74537 | Depths:3 | Learned a level 8 spell: Infestation
 74539 | Depths:3 | Voluntarily entered the Abyss.
 74632 | Abyss:1  | Found a corrupted altar of Lugonu.
 74663 | Abyss:1  | Reached skill level 5 in Necromancy
 74675 | Abyss:1  | Paralysed by accursed screaming for 1 turns
 74804 | Abyss:1  | Found a corrupted altar of Lugonu.
 75013 | Abyss:1  | Identified the +0 rapier of Bodd {heavy, Dex+2}
 75021 | Abyss:1  | Found a corrupted altar of Lugonu.
 75205 | Depths:3 | Escaped the Abyss
 75237 | Depths:3 | Voluntarily entered the Abyss.
 75328 | Abyss:1  | Found a corrupted altar of Lugonu.
 75748 | Depths:3 | Escaped the Abyss
 75901 | Depths:3 | Voluntarily entered the Abyss.
 76329 | Abyss:1  | Reached ****** piety under Kikubaaqudgha
 76598 | Abyss:2  | Found a corrupted altar of Lugonu.
 76662 | Depths:3 | Escaped the Abyss
 76736 | Depths:3 | Received a gift from Kikubaaqudgha (forbidden knowledge)
 76747 | Depths:3 | Learned a level 9 spell: Death's Door
 76749 | Depths:3 | Voluntarily entered the Abyss.
 77142 | Abyss:2  | Found a corrupted altar of Lugonu.
 77142 | Abyss:2  | Found a corrupted altar of Lugonu.
 77142 | Abyss:2  | Found a corrupted altar of Lugonu.
 77266 | Abyss:2  | Found a corrupted altar of Lugonu.
 77282 | Abyss:2  | Found a corrupted altar of Lugonu.
 77412 | Abyss:2  | Paralysed by accursed screaming for 2 turns
 77417 | Abyss:2  | Paralysed by accursed screaming for 2 turns
 77492 | Depths:3 | Escaped the Abyss
 77496 | Depths:3 | Voluntarily entered the Abyss.
 77511 | Abyss:2  | Found a corrupted altar of Lugonu.
 77545 | Depths:3 | Escaped the Abyss
 77547 | Depths:3 | Voluntarily entered the Abyss.
 77559 | Abyss:2  | Found a corrupted altar of Lugonu.
 77559 | Abyss:2  | Found a corrupted altar of Lugonu.
 77596 | Abyss:2  | Found a corrupted altar of Lugonu.
 77633 | Depths:3 | Escaped the Abyss
 77635 | Depths:3 | Voluntarily entered the Abyss.
 77785 | Abyss:3  | Noticed an ancient lich
 77797 | Abyss:3  | Killed an ancient lich
 77842 | Abyss:3  | Got an abyssal rune of Zot
 77949 | Depths:3 | Escaped the Abyss
 77953 | Depths:3 | Voluntarily entered the Abyss.
 78061 | Depths:3 | Escaped the Abyss
 78063 | Depths:3 | Voluntarily entered the Abyss.
 78101 | Depths:3 | Escaped the Abyss
 78105 | Depths:3 | Voluntarily entered the Abyss.
 78221 | Abyss:3  | Found an opulent altar of Gozag.
 78283 | Abyss:3  | Paralysed by accursed screaming for 2 turns
 78306 | Depths:3 | Escaped the Abyss
 78329 | Depths:3 | Was forgiven by Okawaru
 78375 | Depths:3 | Voluntarily entered the Abyss.
 78378 | Abyss:3  | Found a corrupted altar of Lugonu.
 78406 | Abyss:3  | Found a corrupted altar of Lugonu.
 78422 | Depths:3 | Escaped the Abyss
 78424 | Depths:3 | Voluntarily entered the Abyss.
 78625 | Depths:3 | Escaped the Abyss
 78684 | Depths:3 | Voluntarily entered the Abyss.
 78688 | Abyss:3  | Found a shadowy altar of Dithmenos.
 78699 | Abyss:3  | Found a shadowy altar of Dithmenos.
 78725 | Abyss:3  | Found a corrupted altar of Lugonu.
 78858 | Abyss:3  | Found a corrupted altar of Lugonu.
 78858 | Abyss:3  | Found a corrupted altar of Lugonu.
 78953 | Depths:3 | Escaped the Abyss
 78955 | Depths:3 | Voluntarily entered the Abyss.
 79000 | Depths:3 | Escaped the Abyss
 79002 | Depths:3 | Voluntarily entered the Abyss.
 79010 | Abyss:3  | Found a corrupted altar of Lugonu.
 79106 | Depths:3 | Escaped the Abyss
 79108 | Depths:3 | Voluntarily entered the Abyss.
 79108 | Abyss:3  | Found a corrupted altar of Lugonu.
 79112 | Abyss:3  | Found the +10 zealot's sword {holy, Zealotry, *Rage rN+
                  | EV+3}
 79124 | Abyss:3  | Found a corrupted altar of Lugonu.
 79125 | Abyss:3  | Found a viscous altar of Jiyva.
 79181 | Abyss:3  | Gained mutation: You are weak. (Str -2) [mutagenic glow]
 79227 | Abyss:3  | Paralysed by accursed screaming for 1 turns
 79233 | Abyss:3  | Paralysed by accursed screaming for 1 turns
 79234 | Abyss:3  | Gained mutation: Your body sometimes deteriorates upon
                  | taking damage. [mutagenic glow]
 79254 | Abyss:3  | Gained mutation: You have a pair of small antennae on your
                  | head. [mutagenic glow]
 79366 | Abyss:3  | Lost mutation: Your magical capacity is low. (-10% MP)
                  | [potion of mutation]
 79366 | Abyss:3  | Lost mutation: Your body sometimes deteriorates upon taking
                  | damage. [potion of mutation]
 79366 | Abyss:3  | Lost mutation: You have a pair of small antennae on your
                  | head. [potion of mutation]
 79366 | Abyss:3  | Gained mutation: You are very weak. (Str -4) [potion of
                  | mutation]
 79367 | Abyss:3  | Lost mutation: You are very weak. (Str -4) [potion of
                  | mutation]
 79367 | Abyss:3  | Lost mutation: You are weak. (Str -2) [potion of mutation]
 79367 | Abyss:3  | Gained mutation: You have supernaturally acute eyesight.
                  | (SInv) [potion of mutation]
 79367 | Abyss:3  | Gained mutation: You are somewhat resistant to further
                  | mutation. [potion of mutation]
 79584 | Depths:3 | Escaped the Abyss
 79658 | Depths:3 | Voluntarily entered the Abyss.
 79674 | Depths:3 | Escaped the Abyss
 79676 | Depths:3 | Voluntarily entered the Abyss.
 79713 | Depths:3 | Escaped the Abyss
 79715 | Depths:3 | Voluntarily entered the Abyss.
 79746 | Depths:3 | Escaped the Abyss
 79748 | Depths:3 | Voluntarily entered the Abyss.
 79748 | Abyss:3  | Found a corrupted altar of Lugonu.
 79750 | Abyss:3  | Found a corrupted altar of Lugonu.
 79791 | Depths:3 | Escaped the Abyss
 79793 | Depths:3 | Voluntarily entered the Abyss.
 79832 | Abyss:3  | Paralysed by accursed screaming for 1 turns
 80066 | Abyss:3  | Found a corrupted altar of Lugonu.
 80112 | Abyss:3  | Found a corrupted altar of Lugonu.
 80117 | Abyss:3  | Reached skill level 10 in Necromancy
 80231 | Depths:3 | Escaped the Abyss
 80233 | Depths:3 | Voluntarily entered the Abyss.
 80277 | Abyss:3  | Found a corrupted altar of Lugonu.
 80401 | Abyss:3  | Found a corrupted altar of Lugonu.
 80416 | Abyss:3  | Gained mutation: You occasionally lose the ability to drink
                  | potions when taking damage. [a neqoxec]
 80572 | Abyss:3  | Noticed a dread lich
 80584 | Abyss:3  | Killed a dread lich
 80594 | Abyss:3  | Found a corrupted altar of Lugonu.
 80606 | Depths:3 | Escaped the Abyss
 80702 | Depths:3 | Voluntarily entered the Abyss.
 80966 | Depths:3 | Escaped the Abyss
 80968 | Depths:3 | Voluntarily entered the Abyss.
 81017 | Depths:3 | Escaped the Abyss
 81019 | Depths:3 | Voluntarily entered the Abyss.
 81129 | Depths:3 | Escaped the Abyss
 81131 | Depths:3 | Voluntarily entered the Abyss.
 81145 | Abyss:3  | Found a corrupted altar of Lugonu.
 81256 | Depths:3 | Escaped the Abyss
 81258 | Depths:3 | Voluntarily entered the Abyss.
 81303 | Depths:3 | Escaped the Abyss
 81305 | Depths:3 | Voluntarily entered the Abyss.
 81362 | Abyss:3  | Identified the +12 shortbow of Doubt {flame, rCorr}
 81409 | Depths:3 | Escaped the Abyss
 81411 | Depths:3 | Voluntarily entered the Abyss.
 81414 | Abyss:3  | Found a corrupted altar of Lugonu.
 81442 | Depths:3 | Escaped the Abyss
 81444 | Depths:3 | Voluntarily entered the Abyss.
 81449 | Abyss:3  | Found a corrupted altar of Lugonu.
 81480 | Depths:3 | Escaped the Abyss
 81482 | Depths:3 | Voluntarily entered the Abyss.
 81488 | Abyss:3  | Found a corrupted altar of Lugonu.
 81500 | Depths:3 | Escaped the Abyss
 81502 | Depths:3 | Voluntarily entered the Abyss.
 81517 | Depths:3 | Escaped the Abyss
 81519 | Depths:3 | Voluntarily entered the Abyss.
 81523 | Abyss:3  | Found a corrupted altar of Lugonu.
 81576 | Depths:3 | Escaped the Abyss
 81578 | Depths:3 | Voluntarily entered the Abyss.
 81586 | Abyss:3  | Found a corrupted altar of Lugonu.
 81703 | Abyss:3  | Paralysed by accursed screaming for 1 turns
 81719 | Abyss:3  | Found a corrupted altar of Lugonu.
 81819 | Depths:3 | Escaped the Abyss
 81821 | Depths:3 | Voluntarily entered the Abyss.
 81877 | Depths:3 | Escaped the Abyss
 81879 | Depths:3 | Voluntarily entered the Abyss.
 81894 | Depths:3 | Escaped the Abyss
 81896 | Depths:3 | Voluntarily entered the Abyss.
 81922 | Depths:3 | Escaped the Abyss
 81924 | Depths:3 | Voluntarily entered the Abyss.
 81934 | Depths:3 | Escaped the Abyss
 81936 | Depths:3 | Voluntarily entered the Abyss.
 81985 | Depths:3 | Escaped the Abyss
 81987 | Depths:3 | Voluntarily entered the Abyss.
 82069 | Abyss:3  | Found a corrupted altar of Lugonu.
 82075 | Abyss:3  | Found a corrupted altar of Lugonu.
 82299 | Depths:3 | Escaped the Abyss
 82312 | Depths:3 | Voluntarily entered the Abyss.
 82337 | Depths:3 | Escaped the Abyss
 82339 | Depths:3 | Voluntarily entered the Abyss.
 82388 | Abyss:3  | Found a corrupted altar of Lugonu.
 82388 | Abyss:4  | Found a corrupted altar of Lugonu.
 82400 | Abyss:4  | Found a corrupted altar of Lugonu.
 82416 | Depths:3 | Escaped the Abyss
 82418 | Depths:3 | Voluntarily entered the Abyss.
 82422 | Abyss:4  | Found a corrupted altar of Lugonu.
 82535 | Abyss:4  | Found a snail-covered altar of Cheibriados.
 82586 | Abyss:4  | Paralysed by accursed screaming for 1 turns
 82642 | Depths:3 | Escaped the Abyss
 82671 | Depths:3 | Voluntarily entered the Abyss.
 82773 | Abyss:4  | Found a corrupted altar of Lugonu.
 82940 | Depths:3 | Escaped the Abyss
 82952 | Depths:3 | Voluntarily entered the Abyss.
 83066 | Abyss:4  | Found a corrupted altar of Lugonu.
 83274 | Abyss:4  | Noticed an ancient lich
 83280 | Abyss:4  | Killed an ancient lich
 83318 | Depths:3 | Escaped the Abyss
 83320 | Depths:3 | Voluntarily entered the Abyss.
 83327 | Abyss:4  | Noticed an ancient lich
 83333 | Abyss:4  | Killed an ancient lich
 83344 | Abyss:4  | Paralysed by accursed screaming for 1 turns
 83363 | Depths:3 | Escaped the Abyss
 83513 | Depths:3 | Voluntarily entered the Abyss.
 83536 | Abyss:4  | Found a corrupted altar of Lugonu.
 83590 | Abyss:4  | Reached skill level 10 in Fire Magic
 83711 | Depths:3 | Escaped the Abyss
 83753 | Depths:3 | Voluntarily entered the Abyss.
 83857 | Depths:3 | Escaped the Abyss
 83859 | Depths:3 | Voluntarily entered the Abyss.
 84260 | Depths:3 | Escaped the Abyss
 84262 | Depths:3 | Voluntarily entered the Abyss.
 84274 | Abyss:4  | Paralysed by accursed screaming for 1 turns
 84277 | Abyss:4  | Paralysed by accursed screaming for 1 turns
 84332 | Depths:3 | Escaped the Abyss
 84368 | Depths:3 | Voluntarily entered the Abyss.
 84368 | Abyss:4  | Found a corrupted altar of Lugonu.
 84440 | Abyss:4  | Found a corrupted altar of Lugonu.
 84448 | Abyss:4  | Found a corrupted altar of Lugonu.
 84453 | Depths:3 | Escaped the Abyss
 84455 | Depths:3 | Voluntarily entered the Abyss.
 84529 | Abyss:4  | Paralysed by accursed screaming for 2 turns
 84558 | Depths:3 | Escaped the Abyss
 84560 | Depths:3 | Voluntarily entered the Abyss.
 84582 | Abyss:4  | Noticed an ancient lich
 84592 | Abyss:4  | Killed an ancient lich
 84654 | Depths:3 | Escaped the Abyss
 84656 | Depths:3 | Voluntarily entered the Abyss.
 84664 | Abyss:4  | Found a corrupted altar of Lugonu.
 84676 | Abyss:4  | Paralysed by accursed screaming for 1 turns
 84717 | Abyss:4  | Found a stormy altar of Qazlal.
 84722 | Abyss:4  | Found a corrupted altar of Lugonu.
 84824 | Abyss:4  | Found a corrupted altar of Lugonu.
 84894 | Abyss:4  | Paralysed by you for 4 turns
 85098 | Abyss:4  | Noticed a dread lich
 85106 | Abyss:4  | Killed a dread lich
 85127 | Depths:3 | Escaped the Abyss
 85148 | Depths:3 | Voluntarily entered the Abyss.
 85155 | Abyss:4  | Found a corrupted altar of Lugonu.
 85211 | Depths:3 | Escaped the Abyss
 85213 | Depths:3 | Voluntarily entered the Abyss.
 85233 | Depths:3 | Escaped the Abyss
 85235 | Depths:3 | Voluntarily entered the Abyss.
 85241 | Abyss:4  | Found a broken altar of Ashenzari.
 85319 | Depths:3 | Escaped the Abyss
 85374 | Depths:3 | Voluntarily entered the Abyss.
 85394 | Depths:3 | Escaped the Abyss
 85396 | Depths:3 | Voluntarily entered the Abyss.
 85497 | Abyss:4  | Found a corrupted altar of Lugonu.
 85567 | Depths:3 | Escaped the Abyss
 85569 | Depths:3 | Voluntarily entered the Abyss.
 85573 | Abyss:4  | Found a corrupted altar of Lugonu.
 85583 | Depths:3 | Escaped the Abyss
 85585 | Depths:3 | Voluntarily entered the Abyss.
 85585 | Abyss:4  | Found a corrupted altar of Lugonu.
 85614 | Depths:3 | Escaped the Abyss
 85616 | Depths:3 | Voluntarily entered the Abyss.
 85636 | Depths:3 | Escaped the Abyss
 85638 | Depths:3 | Voluntarily entered the Abyss.
 85874 | Depths:3 | Escaped the Abyss
 85876 | Depths:3 | Voluntarily entered the Abyss.
 86007 | Abyss:4  | Reached skill level 27 in Shields
 86057 | Depths:3 | Escaped the Abyss
 86059 | Depths:3 | Voluntarily entered the Abyss.
 86084 | Abyss:4  | Found a corrupted altar of Lugonu.
 86328 | Depths:3 | Escaped the Abyss
 86330 | Depths:3 | Voluntarily entered the Abyss.
 86423 | Abyss:4  | Paralysed by accursed screaming for 1 turns
 86452 | Depths:3 | Escaped the Abyss
 86484 | Depths:3 | Voluntarily entered the Abyss.
 86497 | Depths:3 | Escaped the Abyss
 86499 | Depths:3 | Voluntarily entered the Abyss.
 86577 | Depths:3 | Escaped the Abyss
 86579 | Depths:3 | Voluntarily entered the Abyss.
 86796 | Abyss:4  | Paralysed by you for 4 turns
 86817 | Depths:3 | Escaped the Abyss
 86819 | Depths:3 | Voluntarily entered the Abyss.
 86853 | Abyss:4  | Found a corrupted altar of Lugonu.
 86872 | Depths:3 | Escaped the Abyss
 86874 | Depths:3 | Voluntarily entered the Abyss.
 86874 | Abyss:4  | Found a corrupted altar of Lugonu.
 86881 | Abyss:4  | Paralysed by accursed screaming for 1 turns
 87012 | Depths:3 | Escaped the Abyss
 87014 | Depths:3 | Voluntarily entered the Abyss.
 87014 | Abyss:4  | Found a corrupted altar of Lugonu.
 87055 | Depths:3 | Escaped the Abyss
 87057 | Depths:3 | Voluntarily entered the Abyss.
 87057 | Abyss:4  | Found a corrupted altar of Lugonu.
 87067 | Depths:3 | Escaped the Abyss
 87069 | Depths:3 | Voluntarily entered the Abyss.
 87069 | Abyss:4  | Found a corrupted altar of Lugonu.
 87243 | Abyss:4  | Gained mutation: You are frail. (-10% HP) [a neqoxec]
 87347 | Abyss:4  | Found a corrupted altar of Lugonu.
 87424 | Abyss:4  | Paralysed by accursed screaming for 2 turns
 87435 | Abyss:4  | Paralysed by accursed screaming for 2 turns
 87442 | Depths:3 | Escaped the Abyss
 87566 | Depths:3 | Voluntarily entered the Abyss.
 87583 | Depths:3 | Escaped the Abyss
 87585 | Depths:3 | Voluntarily entered the Abyss.
 87585 | Abyss:4  | Found a corrupted altar of Lugonu.
 87798 | Depths:3 | Escaped the Abyss
 87800 | Depths:3 | Voluntarily entered the Abyss.
 87839 | Depths:3 | Escaped the Abyss
 87841 | Depths:3 | Voluntarily entered the Abyss.
 87850 | Abyss:4  | Found a corrupted altar of Lugonu.
 87939 | Depths:3 | Escaped the Abyss
 87941 | Depths:3 | Voluntarily entered the Abyss.
 87984 | Depths:3 | Escaped the Abyss
 87986 | Depths:3 | Voluntarily entered the Abyss.
 87998 | Abyss:4  | Found a corrupted altar of Lugonu.
 88196 | Abyss:4  | Reached skill level 27 in Fighting
 88238 | Depths:3 | Escaped the Abyss
 88240 | Depths:3 | Voluntarily entered the Abyss.
 88271 | Abyss:4  | Reached skill level 15 in Fire Magic
 88276 | Abyss:4  | Paralysed by accursed screaming for 2 turns
 88283 | Abyss:4  | Paralysed by accursed screaming for 2 turns
 88486 | Abyss:5  | Found a corrupted altar of Lugonu.
 88651 | Depths:3 | Escaped the Abyss
 88653 | Depths:3 | Voluntarily entered the Abyss.
 88654 | Abyss:5  | Found a corrupted altar of Lugonu.
 88669 | Abyss:5  | Found a corrupted altar of Lugonu.
 88703 | Depths:3 | Escaped the Abyss
 88705 | Depths:3 | Voluntarily entered the Abyss.
 88751 | Depths:3 | Escaped the Abyss
 88753 | Depths:3 | Voluntarily entered the Abyss.
 88760 | Depths:3 | Escaped the Abyss
 88762 | Depths:3 | Voluntarily entered the Abyss.
 88772 | Depths:3 | Escaped the Abyss
 88774 | Depths:3 | Voluntarily entered the Abyss.
 88854 | Depths:3 | Escaped the Abyss
 88856 | Depths:3 | Voluntarily entered the Abyss.
 89234 | Depths:3 | Escaped the Abyss
 89404 | Depths:3 | Voluntarily entered the Abyss.
 89426 | Abyss:5  | Found a corrupted altar of Lugonu.
 89499 | Depths:3 | Escaped the Abyss
 89501 | Depths:3 | Voluntarily entered the Abyss.
 89516 | Abyss:5  | Noticed an ancient lich
 89517 | Abyss:5  | Found a corrupted altar of Lugonu.
 89527 | Abyss:5  | Killed an ancient lich
 89540 | Abyss:5  | Found a corrupted altar of Lugonu.
 89605 | Abyss:5  | Found a corrupted altar of Lugonu.
 89638 | Depths:3 | Escaped the Abyss
 89751 | Depths:3 | Voluntarily entered the Abyss.
 89752 | Abyss:5  | Found a corrupted altar of Lugonu.
 89752 | Abyss:5  | Found a corrupted altar of Lugonu.
 89767 | Depths:3 | Escaped the Abyss
 89769 | Depths:3 | Voluntarily entered the Abyss.
 89781 | Depths:3 | Escaped the Abyss
 89783 | Depths:3 | Voluntarily entered the Abyss.
 89919 | Abyss:5  | Paralysed by accursed screaming for 1 turns
 89956 | Abyss:5  | Paralysed by accursed screaming for 1 turns
 89966 | Depths:3 | Escaped the Abyss
 90106 | Depths:3 | Voluntarily entered the Abyss.
 90324 | Depths:3 | Escaped the Abyss
 90326 | Depths:3 | Voluntarily entered the Abyss.
 90336 | Abyss:5  | Found a corrupted altar of Lugonu.
 90359 | Abyss:5  | Found a hide-covered altar of Uskayaw.
 90399 | Abyss:5  | Noticed an ancient lich
 90439 | Abyss:5  | Killed an ancient lich
 90486 | Depths:3 | Escaped the Abyss
 90507 | Depths:3 | Voluntarily entered the Abyss.
 90582 | Abyss:5  | Gained mutation: You are covered in fur. (AC +1) [a
                  | neqoxec]
 90623 | Depths:3 | Escaped the Abyss
 90672 | Depths:3 | Voluntarily entered the Abyss.
 90673 | Abyss:5  | Found a corrupted altar of Lugonu.
 90706 | Depths:3 | Escaped the Abyss
 90708 | Depths:3 | Voluntarily entered the Abyss.
 90741 | Abyss:5  | Found a corrupted altar of Lugonu.
 90764 | Abyss:5  | Noticed an ancient lich
 90772 | Abyss:5  | Killed an ancient lich
 90807 | Depths:3 | Escaped the Abyss
 90809 | Depths:3 | Voluntarily entered the Abyss.
 90840 | Depths:3 | Escaped the Abyss
 90842 | Depths:3 | Voluntarily entered the Abyss.
 90860 | Abyss:5  | Found a corrupted altar of Lugonu.
 90860 | Abyss:5  | Found a corrupted altar of Lugonu.
 90872 | Abyss:5  | Found a bloodstained altar of Trog.
 90948 | Abyss:5  | Gained mutation: Your system is resistant to poisons.
                  | (rPois) [a shining eye]
 90953 | Abyss:5  | Paralysed by accursed screaming for 1 turns
 90964 | Abyss:5  | Paralysed by accursed screaming for 1 turns
 91059 | Depths:3 | Escaped the Abyss
 91088 | Depths:3 | Voluntarily entered the Abyss.
 91218 | Depths:3 | Escaped the Abyss
 91406 | Depths:3 | Voluntarily entered the Abyss.
 91406 | Abyss:5  | Found a corrupted altar of Lugonu.
 91439 | Abyss:5  | Found a shimmering blue altar of Sif Muna.
 91464 | Abyss:5  | Paralysed by accursed screaming for 1 turns
 91479 | Depths:3 | Escaped the Abyss
 91491 | Depths:3 | Voluntarily entered the Abyss.
 91512 | Abyss:5  | Found a corrupted altar of Lugonu.
 91538 | Depths:3 | Escaped the Abyss
 91556 | Depths:3 | Voluntarily entered the Abyss.
 91637 | Depths:3 | Escaped the Abyss
 91639 | Depths:3 | Voluntarily entered the Abyss.
 91744 | Depths:3 | Escaped the Abyss
 91746 | Depths:3 | Voluntarily entered the Abyss.
 91746 | Abyss:5  | Found a corrupted altar of Lugonu.
 91770 | Depths:3 | Escaped the Abyss
 91772 | Depths:3 | Voluntarily entered the Abyss.
 91805 | Abyss:5  | Found a corrupted altar of Lugonu.
 91942 | Depths:3 | Escaped the Abyss
 92020 | Depths:3 | Voluntarily entered the Abyss.
 92058 | Depths:3 | Escaped the Abyss
 92060 | Depths:3 | Voluntarily entered the Abyss.
 92077 | Abyss:5  | Found a corrupted altar of Lugonu.
 92077 | Abyss:5  | Found a corrupted altar of Lugonu.
 92118 | Depths:3 | Escaped the Abyss
 92120 | Depths:3 | Voluntarily entered the Abyss.
 92288 | Abyss:5  | Found a corrupted altar of Lugonu.
 92332 | Abyss:5  | Reached skill level 27 in Dodging
 92368 | Depths:3 | Escaped the Abyss
 92370 | Depths:3 | Voluntarily entered the Abyss.
 92535 | Depths:3 | Escaped the Abyss
 92610 | Depths:3 | Voluntarily entered the Abyss.
 92683 | Abyss:5  | Found a corrupted altar of Lugonu.
 92721 | Depths:3 | Escaped the Abyss
 92723 | Depths:3 | Voluntarily entered the Abyss.
 92883 | Depths:3 | Escaped the Abyss
 92903 | Depths:3 | Voluntarily entered the Abyss.
 92917 | Abyss:5  | Found a corrupted altar of Lugonu.
 92946 | Abyss:5  | Noticed an ancient lich
 92954 | Abyss:5  | Killed an ancient lich
 92996 | Depths:3 | Escaped the Abyss
 93038 | Depths:3 | Voluntarily entered the Abyss.
 93039 | Abyss:5  | Found a corrupted altar of Lugonu.
 93041 | Abyss:5  | Found a corrupted altar of Lugonu.
 93276 | Depths:3 | Escaped the Abyss
 93308 | Depths:3 | Voluntarily entered the Abyss.
 93308 | Abyss:5  | Found a corrupted altar of Lugonu.
 93315 | Abyss:5  | Found a corrupted altar of Lugonu.
 93330 | Depths:3 | Escaped the Abyss
 93332 | Depths:3 | Voluntarily entered the Abyss.
 93344 | Depths:3 | Escaped the Abyss
 93346 | Depths:3 | Voluntarily entered the Abyss.
 93347 | Abyss:5  | Found a corrupted altar of Lugonu.
 93399 | Abyss:5  | Found a corrupted altar of Lugonu.
 93438 | Depths:3 | Escaped the Abyss
 93440 | Depths:3 | Voluntarily entered the Abyss.
 93460 | Abyss:5  | Paralysed by accursed screaming for 1 turns
 93475 | Depths:3 | Escaped the Abyss
 93477 | Depths:3 | Voluntarily entered the Abyss.
 93560 | Depths:3 | Escaped the Abyss
 93562 | Depths:3 | Voluntarily entered the Abyss.
 93562 | Abyss:5  | Found a corrupted altar of Lugonu.
 93705 | Depths:3 | Escaped the Abyss
 93751 | Depths:3 | Voluntarily entered the Abyss.
 93888 | Depths:3 | Escaped the Abyss
 93898 | Depths:3 | Voluntarily entered the Abyss.
 93972 | Abyss:5  | Paralysed by accursed screaming for 1 turns
 93978 | Abyss:5  | Paralysed by accursed screaming for 1 turns
 94095 | Depths:3 | Escaped the Abyss
 94108 | Depths:3 | Voluntarily entered the Abyss.
 94161 | Depths:3 | Escaped the Abyss
 94163 | Depths:3 | Voluntarily entered the Abyss.
 94211 | Depths:3 | Escaped the Abyss
 94213 | Depths:3 | Voluntarily entered the Abyss.
 94288 | Abyss:5  | Found a corrupted altar of Lugonu.
 94370 | Depths:3 | Escaped the Abyss
 94440 | Depths:3 | Voluntarily entered the Abyss.
 94445 | Abyss:5  | Found a corrupted altar of Lugonu.
 94471 | Depths:3 | Escaped the Abyss
 94473 | Depths:3 | Voluntarily entered the Abyss.
 94477 | Abyss:5  | Found a corrupted altar of Lugonu.
 94545 | Abyss:5  | Paralysed by accursed screaming for 1 turns
 94549 | Abyss:5  | Paralysed by accursed screaming for 2 turns
 94738 | Depths:3 | Escaped the Abyss
 94740 | Depths:3 | Voluntarily entered the Abyss.
 94767 | Abyss:5  | Found a corrupted altar of Lugonu.
 94801 | Depths:3 | Escaped the Abyss
 94819 | Depths:3 | Voluntarily entered the Abyss.
 94952 | Depths:3 | Escaped the Abyss
 94954 | Depths:3 | Voluntarily entered the Abyss.
 95039 | Depths:3 | Escaped the Abyss
 95041 | Depths:3 | Voluntarily entered the Abyss.
 95141 | Abyss:5  | Paralysed by accursed screaming for 2 turns
 95179 | Abyss:5  | Found a corrupted altar of Lugonu.
 95182 | Abyss:5  | Paralysed by accursed screaming for 2 turns
 95183 | Abyss:5  | HP: 10/201 [starcursed mass/accursed screaming (8)]
 95342 | Depths:3 | Escaped the Abyss
 95719 | Tomb:1   | Identified the +5 plate armour "Haeculuc" {Harm rF+}
 97021 | Crypt:2  | Killed a dread lich
 97025 | Crypt:2  | Killed a dread lich
 97034 | Crypt:2  | Killed a dread lich
 97050 | Crypt:2  | Killed Uroast's ghost
 97070 | Crypt:2  | Killed Katt's ghost
 97205 | Crypt:2  | Identified the ring of Optimism {Ice rPois}
 97214 | Crypt:2  | Got a black book
 97220 | Crypt:2  | Identified the +0 pair of gloves of Virtue {Int+2}
 97534 | Depths:3 | Voluntarily entered the Abyss.
 97575 | Depths:3 | Escaped the Abyss
 97606 | Depths:3 | Voluntarily entered the Abyss.
 97606 | Abyss:5  | Found a corrupted altar of Lugonu.
 97684 | Abyss:5  | Found a corrupted altar of Lugonu.
 97767 | Abyss:5  | Found a corrupted altar of Lugonu.
 97814 | Abyss:5  | Found a corrupted altar of Lugonu.
 97870 | Depths:3 | Escaped the Abyss
 97963 | Depths:3 | Voluntarily entered the Abyss.
 98015 | Abyss:5  | Found a corrupted altar of Lugonu.
 98050 | Abyss:6  | Found a corrupted altar of Lugonu.
 98120 | Depths:3 | Escaped the Abyss
 98205 | Depths:3 | Voluntarily entered the Abyss.
 98254 | Depths:3 | Escaped the Abyss
 98378 | Depths:3 | Voluntarily entered the Abyss.
 98450 | Depths:3 | Escaped the Abyss
 99319 | Zot:1    | Reached skill level 15 in Necromancy
100647 | Zot:2    | Reached skill level 15 in Transmutations
101300 | Zot:3    | HP: 7/201 [stone giant (5)]
101301 | Zot:3    | Mangled by a golden dragon

Illustrated notes

Levels and vault maps discovered:
D:1:      lightli_arrival_windingriver, layout_loops_ring
D:2:      layout_basic, serial_shops, nicolae_book_shop_shelving,
          nicolae_shop_behind_doors, nicolae_shop_mannequins,
          grunt_decor_resistance, uniq_sigmund
D:3:      layout_loops_ring, gammafunk_temple_overflow_pools,
          lemuel_coloured_pillars_altar, shapermc_ecumenical_altar_flowoftime,
          hangedman_decor_slide_cut, uniq_crazy_yiuf_cottage
D:4:      layout_basic, mainiacjoe_overflow_chevrons, serial_shops,
          nicolae_diamond_shop, nicolae_inconvenience_store,
          nicolae_diamond_shop, nicolae_shop_bloodbath_and_beyond, shop,
          minmay_statues_item, guppyfry_early_orc_mine
D:5:      layout_cave_pods, nicolae_tso_swordbearing_angel,
          corexii_item_surrounded_by_moat, minmay_checkerbox
D:6:      layout_rooms, kennysheep_vampire_church,
          minmay_temple_entry_sparse_star
D:7:      layout_cave_pools, hangedman_ru_absence, enter_bailey_2,
          kennysheep_cross_room, uniq_menkaure, uniq_joseph, uniq_maggie
D:8:      layout_basic
D:9:      layout_basic, nicolae_gozag_seed_capital, uniq_gastronok,
          uniq_jeremiah
D:10:     argonaut_augean_stables, layout_rooms, old_standard_altar,
          yredelemnul_altar_generic, mainiacjoe_overflow_alcove_4,
          erik_lair_orcish_takeover, orc_0_dummy
D:11:     layout_loops_ring
D:12:     layout_grid_maze
D:13:     layout_basic, ximxim_vaults_locker_room, uniq_lodul, uniq_kirke,
          uniq_sonja
D:14:     layout_loops_ring, minivault_4
D:15:     grunt_enter_depths_magical_seal, layout_basic,
          ashenzari_conservatory_becter
Temple:   minmay_temple_curvy_loop
Lair:1:   minmay_guarded_unrand_snakebite, layout_concentric_octagons
Lair:2:   layout_chaotic_city, minmay_swamp_entry_swarm, grunt_megastairs_4,
          infiniplex_staircase_pool
Lair:3:   nzn_winding_woodlands_small [nzn_winding_woodlands_5x15_twine,
          nzn_winding_woodlands_center_pierced_h,
          nzn_winding_woodlands_5x15_default], layout_concentric_octagons,
          nicolae_spider_entry_non_spiders, gauntlet_entry_generic
Lair:4:   gammafunk_mikee_crab_dinner, layout_concentric_octagons,
          nicolae_slime_entry_slimehenge, infiniplex_staircase_pool_2,
          serial_bayou_shore_a
Swamp:1:  layout_falls_marsh, evilmike_swamp_ruin_house_4, swamp_pool1
Swamp:2:  layout_falls_marsh, evilmike_swamp_ruin_house_1, swamp_pool1,
          lightli_tree_ring
Swamp:3:  layout_basic_swamp, nicolae_swamp_big_swirl
Swamp:4:  grunt_swamp_rune_castle, layout_basic_swamp, swamp_pool1, uniq_donald,
          uniq_nikola
Spider:1: layout_spider_delve
Spider:2: layout_spider_delve, portal_ice_cave_entry_pillars_2
Spider:3: layout_spider_delve
Spider:4: spider_rune_water, nicolae_spider_twisty_arc_passages
Slime:1:  layout_caves, special_room [special_room_jelly]
Slime:2:  layout_caves
Slime:3:  layout_caves
Slime:4:  layout_caves, nicolae_slime_welcoming_committee, uniq_dissolution
Slime:5:  slime_pit
Orc:1:    layout_diamond_mine, basic_altar, nicolae_specific_store,
          uniq_josephine
Orc:2:    grunt_orc_cross, layout_caves
Elf:1:    layout_loops_corners, serial_shops, nicolae_shop_rolled_up,
          minmay_elf_necromancy
Elf:2:    nicolae_elf_blades_crystal_corner, layout_gridlike,
          minmay_misc_feat_five
Elf:3:    grunt_elf_hall_branching, layout_geoelf_octagon
Vaults:1: nicolae_vaults_closet_pinwheel_1, nicolae_vaults_alarming,
          v_pattern_4, nicolae_vaults_apartment_1,
          nicolae_vaults_storage_closets_2, hangedman_vaults_stagger,
          nicolae_vaults_shelves_hall, nicolae_vaults_doubleplus_tesselated,
          nicolae_vaults_hexular_roomagon, layout_vaults_ring, uniq_asterion
Vaults:2: ontoclasm_vaults_spin, hangedman_vaults_trim,
          minmay_crypt_entry_necro_gods, vaults_dpeg_ring,
          hangedman_vaults_corner, nicolae_vaults_tetromino_L_1,
          nicolae_vaults_little_squares_6, layout_vaults_omnigrid, serial_shops,
          shop
Vaults:3: nicolae_vaults_tetromino_L_1, nicolae_vaults_heart-shaped_vault,
          vaults_mumra_hex, v_misc_12, hangedman_vaults_maws,
          grunt_vaults_hallway_short, ontoclasm_vaults_shuriken,
          nicolae_vaults_little_squares_3, grunt_vaults_hallway_long,
          vaults_room_door_ring, nicolae_vaults_tetromino_L_1,
          layout_vaults_big_room, serial_shops, nicolae_shop_window_shopping
Vaults:4: nicolae_vaults_shelves_hall, v_misc_30, v_misc_3,
          nicolae_vaults_angled_halls, nicolae_vaults_more_shelving_2,
          nicolae_vaults_ninety_degrees, nicolae_vaults_apartment_1,
          hangedman_vaults_hat, nicolae_vaults_tetromino_Z_2,
          hangedman_vaults_slice, layout_vaults_omnicross, serial_shops, shop,
          uniq_bai_suzhen
Vaults:5: uniq_margery, uniq_mara
Crypt:1:  layout_regular_city, mu_enter_wizlab_7, ebering_dispersal_statue_hall
Crypt:2:  layout_rooms, gammafunk_ghost_crypt, nicolae_elevator_lobby_asterisk,
          lemuel_upstairs_altar
Crypt:3:  cryptofortress_bobbens
Tomb:1
Depths:1: layout_big_octagon, enter_ziggurat_c, grunt_hell_entry_dis_grunt,
          grunt_decor_arrowhead, abyss_entry_glasseish, horrible_house_mu
Depths:2: grunt_profane_halls [grunt_profane_temple_tar,
          grunt_profane_temple_geh, grunt_profane_temple_dis,
          grunt_profane_temple_coc, grunt_profane_loot], hell_entry, pan_entry,
          serial_shops
Depths:3: minmay_the_grid_triangle_9x9_recursive_3
          [minmay_the_grid_triangle_9x9_sprig,
          minmay_the_grid_triangle_9x9_longest,
          minmay_the_grid_triangle_9x9_empty,
          minmay_the_grid_triangle_9x9_prize_center,
          minmay_the_grid_triangle_9x9_impossible_snake,
          minmay_the_grid_triangle_9x9_odd_lines,
          minmay_the_grid_triangle_9x9_flanged_cone,
          minmay_the_grid_triangle_9x9_checkered,
          minmay_the_grid_triangle_9x9_wacky_v], layout_cave_shapes,
          nicolae_wwwww, minmay_room_of_horrors, pf_vacation_house_of_asmodeus,
          uniq_boris, uniq_norris
Depths:4: evilmike_zot_entry_basic, layout_cave_pools, hangedman_decor_riveting,
          hell_entry, grunt_pan_entry_sceptre, abyss_entry, st_stairs_12,
          nicolae_qazlal_general_emergency, uniq_mennas
Zot:1:    cheibrodos_zot_enchanting_chambers, layout_basic
Zot:2:    nicolae_zot_stationary_front, layout_concentric_octagons
Zot:3:    hangedman_zot_vaults_quadrants, layout_cathedral_of_symmetry,
          uniq_josephina

Skill      XL: |  1  2  3  4  5  6  7  8  9 10 11 12 13 14 15 16 17 18 19 20 21 22 23 24 25 26 27 |
---------------+----------------------------------------------------------------------------------+-----
Axes           | 3 5 6 7 9 11 13 14 16 18 | 18.0
Invocations    | 1 3 4 5 6 7 9 11 12 | 12.1
Dodging        | 4 6 7 8 9 11 12 13 14 15 18 19 20 27 | 27.0
Shields        | 5 11 14 15 17 19 20 21 22 23 24 27 | 27.0
Fighting       | 4 6 7 9 11 13 14 16 17 18 20 22 23 24 27 | 27.0
Transmutations | 2 4 6 7 8 9 10 11 15 | 15.1
Spellcasting   | 2 4 6 8 9 10 12 13 14 15 25 | 25.0
Stealth        | 1 5 8 10 12 13 15 19 | 19.7
Fire Magic     | 1 3 4 6 22 | 22.9
Translocations | 4 5 8 |  8.3
Ice Magic      | 2 3 5 |  5.4
Poison Magic   | 5 |  5.4
Necromancy     | 15 | 15.9
Evocations     | |  0.2

Action                     |  1- 3 |  4- 6 |  7- 9 | 10-12 | 13-15 | 16-18 | 19-21 | 22-24 | 25-27 || total
---------------------------+-------+-------+-------+-------+-------+-------+-------+-------+-------++-------
  Melee: War axe           |    43 |    63 |    11 |   359 |   247 |       |       |       |       ||   723
         Tentacles         |     9 |    14 |    88 |   100 |   248 |   378 |   362 |   408 |  2315 ||  3922
         Constrict         |     7 |    19 |    85 |    33 |   113 |   191 |   164 |   213 |   772 ||  1597
         Punch             |     1 |       |     6 |     5 |    27 |    40 |    33 |    39 |   160 ||   311
         Hand axe          |       |       |   329 |    31 |       |       |       |       |       ||   360
         Broad axe         |       |       |       |       |   570 |  1068 |  1006 |  1056 |  6868 || 10568
  Throw: Dart              |       |       |    44 |    59 |     6 |    12 |    16 |    17 |     2 ||   156
         Throwing net      |       |       |     2 |     3 |       |       |       |       |       ||     5
         Javelin           |       |       |    14 |    17 |     2 |       |     7 |       |    16 ||    56
   Cast: Wereblood         |       |       |       |       |     2 |    22 |    46 |    41 |   291 ||   402
         Ozocubu's Armour  |       |       |       |       |       |       |       |     3 |     5 ||     8
         Passage of Golubr |       |       |       |       |       |       |       |     1 |     5 ||     6
         Olgreb's Toxic Ra |       |       |       |       |       |       |       |       |     3 ||     3
         Ignition          |       |       |       |       |       |       |       |       |    71 ||    71
         Infestation       |       |       |       |       |       |       |       |       |     6 ||     6
 Invoke: Heroism           |       |       |     1 |     4 |    13 |    24 |    19 |    23 |    15 ||    99
         Receive Weapon    |       |       |       |       |     1 |       |       |       |       ||     1
         Receive Armour    |       |       |       |       |     1 |       |       |       |       ||     1
         Finesse           |       |       |       |       |     5 |     6 |     4 |     6 |     8 ||    29
         Unearth Wretches  |       |       |       |       |       |       |       |       |     3 ||     3
         Torment           |       |       |       |       |       |       |       |       |     2 ||     2
         Receive Forbidden |       |       |       |       |       |       |       |       |     1 ||     1
  Evoke: Wand              |       |       |     6 |     1 |       |     3 |     8 |       |     6 ||    24
         Lightning rod     |       |       |       |       |       |     4 |       |     1 |       ||     5
    Use: Potion            |       |     1 |       |       |     4 |     5 |     6 |     9 |    17 ||    42
         Scroll            |       |       |     6 |     2 |     8 |    15 |     4 |    15 |    20 ||    70
   Stab: Sleeping          |    12 |     4 |     8 |     5 |    13 |    18 |     9 |    15 |    28 ||   112
         Distracted        |       |       |       |     1 |     4 |     1 |     4 |     7 |    81 ||    98
         Held in net/web   |       |       |       |     1 |       |       |       |       |       ||     1
         Invisible         |       |       |       |       |       |       |     1 |       |       ||     1
         Paralysed         |       |       |       |       |       |       |       |       |     3 ||     3
 Armour: Skin              |    15 |    21 |    76 |    80 |   128 |   289 |   262 |   257 |  1343 ||  2471
  Dodge: Dodged            |    18 |    46 |   184 |   157 |   269 |   524 |   533 |   447 |  3324 ||  5502
  Block: Buckler           |     4 |     9 |    46 |    14 |       |       |       |       |       ||    73
         Kite shield       |       |       |       |   110 |   649 |  1022 |   867 |   991 |   823 ||  4462
         Reflection        |       |       |       |       |    27 |    17 |    14 |    45 |    45 ||   148
         Tower shield      |       |       |       |       |       |       |       |       |  7292 ||  7292

Table legend: (Time is in decaauts)
 A = Elapsed time spent in this place.
 B = Non-inter-level travel time spent in this place.
 C = Inter-level travel time spent in this place.
 D = Time resting spent in this place.
 E = Time spent auto-exploring this place.
 F = Levels seen in this place.
 G = Mean time per level.
                   A        B        C        D        E       F      G
               +--------+--------+--------+--------+--------+-----+--------+
         Total | 100716 |  89639 |  11077 |  21682 |  37937 | 201 |  501.1 |
       Dungeon |  20381 |  15532 |   4849 |   2777 |   9762 |  15 | 1358.7 |
        Temple |     64 |      3 |     61 |      0 |      0 |   1 |   64.0 |
          Lair |   6154 |   5535 |    619 |   1091 |   3283 |   4 | 1538.5 |
         Swamp |   3862 |   3619 |    243 |   1196 |   1447 |   4 |  965.5 |
   Spider Nest |   4477 |   4137 |    340 |   1036 |   1924 |   4 | 1119.2 |
    Slime Pits |   4517 |   4152 |    365 |   2339 |   1092 |   5 |  903.4 |
  Orcish Mines |   1986 |   1447 |    539 |    312 |    823 |   2 |  993.0 |
   Elven Halls |   6046 |   5568 |    478 |   1972 |   2282 |   3 | 2015.3 |
        Vaults |  10382 |   8333 |   2049 |   2264 |   4108 |   5 | 2076.4 |
         Crypt |   3723 |   3175 |    548 |    238 |   2085 |   3 | 1241.0 |
          Tomb |    428 |    305 |    123 |     13 |    132 |   1 |  428.0 |
        Depths |  10803 |  10040 |    763 |   4998 |   3027 |   4 | 2700.8 |
           Zot |   2741 |   2645 |     96 |    491 |   1425 |   3 |  913.7 |
         Abyss |  21400 |  21400 |      0 |   1317 |   5831 | 144 |  148.6 |
        Bailey |   1675 |   1675 |      0 |    755 |    284 |   1 | 1675.0 |
      Ice Cave |    852 |    852 |      0 |    184 |    328 |   1 |  852.0 |
        Wizlab |   1217 |   1217 |      0 |    694 |    104 |   1 | 1217.0 |
               +--------+--------+--------+--------+--------+-----+--------+

Top non-repeatable levels by time:
 Abyss:5: 6359 daAuts
 Abyss:4: 5435 daAuts
Depths:3: 5416 daAuts
 Abyss:3: 4273 daAuts
 Abyss:1: 4064 daAuts
Vaults:4: 3060 daAuts
   Elf:3: 2800 daAuts
Depths:2: 2373 daAuts
Vaults:5: 2345 daAuts
    D:10: 2069 daAuts
   Elf:2: 2024 daAuts
Spider:4: 2011 daAuts
    D:12: 1982 daAuts
Vaults:1: 1980 daAuts
    D:13: 1974 daAuts
